Workbook
Name Запрос_из_bud2008: 'приложение 2'!#REF!
Name Запрос_из_bud2008: 'приложение 3'!#REF!
Name Запрос_из_BUDGET_2010_12: 'приложение 2'!#REF!
Name Запрос_из_BUDGET_2010_12: 'приложение 3'!#REF!

Sheet приложение 1
B1: Приложение № 1
B2: к решению Совета депутатов
B3: Бабеевского сельского поселения
B4: от " 28" декабря 2023 года № 114
A6: Объем поступлений доходов бюджета по основным источникам на 2024-2026гг
A8: Код бюджетной классификации доходов бюджета | B8: Наименование доходов | C8: 2024г. (тыс.руб.) | D8: 2025г. (тыс.руб.) | E8: 2026г. (тыс.руб.)
A9: 1 | B9: 2
A10: 000 1000000000 0000 000 | B10: НАЛОГОВЫЕ И НЕНАЛОГОВЫЕ ДОХОДЫ | C10: =C11+C16 -> 1345.9 | D10: =D11+D16 -> 1332.6 | E10: =E11+E16 -> 1332.1
A11: 000 1010000000 0000 000 | B11: НАЛОГОВЫЕ ДОХОДЫ | C11: =C12+C13+C14+C15 -> 1252.6 | D11: =D12+D13+D14+D15 -> 1235.6 | E11: =E12+E13+E14+E15 -> 1231.2
A12: 182 1 01 020100 11 000 110 | B12: Налог на доходы физических лиц | C12: 89.1 | D12: 97 | E12: 104.7
A13: 182 1 06 060100 11 000 110 | B13: Земельный налог | C13: 1069.9 | D13: 1061.8 | E13: 1049.6
A14: 182 1 06 030100 11 000 110 | B14: Налог на имущество физ.лиц | C14: 74.2 | D14: 74.4 | E14: 74.4
A15: 182 1 05 030100 11 000 110 | B15: Единый сельскохозяйственный налог | C15: 19.4 | D15: 2.4 | E15: 2.5
A16: 000 1110000000 0000 000 | B16: НЕНАЛОГОВЫЕ ДОХОДЫ | C16: =C17+C18+C19 -> 93.3 | D16: =D17 -> 97 | E16: =E17 -> 100.9
A17: 912 1 11 05025 10 0000 120 | B17: Доходы от арендной платы за земли | C17: 93.3 | D17: 97 | E17: 100.9
A18: 912 1 14 06025 10 0000 430 | B18: Доходы от продажи земельных участков, находящихся в собственности сельских поселений (за исключением земельных участков муниципальных бюджетных и автономных учреждений)
A19: 912 1 17 14030 10 0000 150 | B19: Средства самообложения граждан, зачисляемые в бюджеты сельских поселений
A20: 2 02 00000 00 0000 000 | B20: Безвозмездные поступления от других бюджетов бюджетной системы Российской Федерации | C20: =C21+C24+C27+C33+C34 -> 4237.7 | D20: =D21+D24+D27+D33 -> 3103.8 | E20: =E21+E24+E27+E33 -> 3125.2
A21: 2 02 10000 00 0000 150 | B21: Дотации бюджетам субъектов Российской Федерации и муниципальных образований | C21: =C22+C23 -> 824.6 | D21: =D22 -> 676.9 | E21: =E22 -> 684.1
A22: 2 02 15001 00 0000 150 | B22: Дотации на выравнивание бюджетной обеспеченности | C22: 824.6 | D22: 676.9 | E22: 684.1
A23: 2 02 150021 10 0000 150 | B23: Дотации на сбалансированность сельских поселений
A24: 2 02 20000 00 0000 150 | B24: Субсидии бюджетам бюджетной системы Российской Федерации (межбюджетные субсидии) | C24: =C26+C25 -> 1200.3 | D24: =D26 -> 200.3 | E24: =E26 -> 200.3
A25: 2 02 25576 10 0000 150 | B25: Субсидии бюджетам сельских поселений на обеспечение комплексного развития сельских территорий | C25: 1000
A26: 2 02 29999 10 0000 150 | B26: Прочие субсидии бюджетам сельских поселений | C26: 200.3 | D26: 200.3 | E26: 200.3
A27: 2 02 30000 00 0000 150 | B27: Субвенции бюджетам субъектов Российской Федерации и муниципальных образований | C27: =C28+C30 -> 132.8 | D27: =D28+D30 -> 146.6 | E27: =E28+E30 -> 160.8
A28: 2 02 35118 00 0000 150 | B28: Субвенции бюджетам на осуществление госполномочий по первичному воинскому учету на территориях, где отсутствуют военные комиссариаты в рамках Государственной программы повышения эффективности управлениягосударственными финансами в РМ | C28: =C29 -> 131.9 | D28: =D29 -> 145.7 | E28: =E29 -> 159.8
A29: 2 02 35118 10 0000 150 | B29: Субвенции бюджетам на осуществление госполномочий по первичному воинскому учету на территориях, где отсутствуют военные комиссариаты в рамках Государственной программы повышения эффективности управлениягосударственными финансами в РМ | C29: 131.9 | D29: 145.7 | E29: 159.8
A30: 2 02 30024 00 0000 150 | B30: Субвенции местным бюджетам на выполнение передаваемых полномочий субъектов Российской Федерации | C30: =C31 -> 0.9 | D30: =D31 -> 0.9 | E30: =E31 -> 1
A31: 2 02 30024 10 0000 150 | B31: Субвенции бюджетам сельских поселений на реализацию государственных полномочий по определению перечня должностных лиц, уполномоченных составлять протоколы об административных правонарушениях | C31: 0.9 | D31: 0.9 | E31: 1
A32: 2 02 29999 00 0000 150 | B32: Субсидии на реализацию мероприятий по строительству и (или) реконструкции объектов инфраструктуры, необходимых для реализации новых инвестиционных проектов в монопрофильных муниципальных образованиях в Республике Мордовия
A33: 2 02 40000 00 0000 150 | B33: Иные межбюджетные трансферты | C33: =SUM(C35:C35+C36) -> 2080 | D33: =SUM(D35:D35) -> 2080 | E33: =SUM(E35+I34) -> 2080
A34: 2024001411000150 | B34: Прочие межбюджетные трансферты, передаваемые бюджетам сельских поселений для осуществления части полномочий по решению вопросов местного значения
A35: 2 02 40014 10 0000 150 | B35: Межбюджетные трансферты, передаваемые бюджетам сельских поселений для осуществления части полномочий по решению вопросов местного значения | C35: 2080 | D35: 2080 | E35: 2080
A36: 2 02 49999 10 0000 150 | B36: Прочие межбюджетные трансферты, передаваемые бюджетам сельских поселений
A37: ИТОГО ДОХОДОВ | C37: =C20+C10 -> 5583.6 | D37: =D10+D20 -> 4436.4 | E37: =E10+E20 -> 4457.3

Sheet приложение 2
B1: Приложение №2 к решению сессии Совета депутатов Бабеевского сельского поселения
B2: № 115 от " 28" декабря 2023 года
A4: РАСПРЕДЕЛЕНИЕ БЮДЖЕТНЫХ АССИГНОВАНИЙ БЮДЖЕТА БАБЕВСКОГО СЕЛЬСКОГО ПОСЕЛЕНИЯ ТЕМНИКОВСКОГО МУНИЦИПАЛЬНОГО РАЙОНА РЕСПУБЛИКИ МОРДОВИЯ ПО РАЗДЕЛАМ, ПОДРАЗДЕЛАМ, ЦЕЛЕВЫМ СТАТЬЯМ (ГОСУДАРСТВЕННЫМ ПРОГРАММАМ И НЕПРОГРАММНЫМ НАПРАВЛЕНИЯМ ДЕЯТЕЛЬНОСТИ), ГРУППАМ (ГРУППАМ И ПОДГРУППАМ) ВИДОВ РАСХОДОВ КЛАССИФИКАЦИИ РАСХОДОВ БЮДЖЕТОВ НА 2024 ГОД И ПЛАНОВЫЙ ПЕРИОД 2025-2026ГГ
K5: тыс.рублей
B6: РЗ | C6: ПРЗ | D6: ЦСР | H6: ВР | I6: 2024 | J6: 2025 | K6: 2025 | L6: 2026
A7: 1 | B7: 2 | C7: 3 | D7: 4 | E7: 5 | F7: 6 | G7: 7 | H7: 8 | I7: 9
A8: ВСЕГО | I8: =I9 -> 5390.9 | J8: =J9 -> 3 | K8: =K9 -> 4179.4 | L8: =L9 -> 4136.1
A9: Администрация сельского поселения | I9: =I10+I85+I97+I109+I117+I159+I167 -> 5390.9 | J9: =J10+J85+J97+J109+J117+J159+J167+J33 -> 3 | K9: =K10+K85+K97+K109+K117+K159+K167 -> 4179.4 | L9: =L10+L85+L97+L109+L117+L159+L167 -> 4136.1
A10: Общегосударственные вопросы | B10: 01 | I10: =I11+I24+I66+I71+I77 -> 2776.3 | J10: =J11+J24+J70 -> 1 | K10: =K11+K24+K66+K71+K77 -> 1365.4 | L10: =L11+L24+L66+L71+L77 -> 1300.3
A11: Функционирование высшего должностного лица субъекта РФ и муниципального образавания | B11: 01 | C11: 02 | I11: =I12 -> 483 | J11: =J12 -> 0 | K11: =K12 -> 290 | L11: =L12 -> 240
A12: Обеспечение деятельности администрации | B12: 01 | C12: 02 | D12: 65 | I12: =I13 -> 483 | J12: =J13 -> 0 | K12: =K13 -> 290 | L12: =L13 -> 240
A13: Глава, аппарат администрации | B13: 01 | C13: 02 | D13: 65 | E13: 1 | F13: 00 | I13: =I14+I19 -> 483 | J13: =J14+J19 -> 0 | K13: =K14+K19 -> 290 | L13: =L14+L19 -> 240
A14: Расходы на выплаты по оплате труда высшего должностного лица | B14: 01 | C14: 02 | D14: 65 | E14: 1 | F14: 00 | G14: 41150 | I14: =I15 -> 295 | J14: =J17+J18 -> 0 | K14: =K17+K18 -> 290 | L14: =L17+L18 -> 240
A15: Расходы на выплаты персоналу в целях обеспечения выполнения функций государственными (муниципальными) органами, казенными учреждениями, органами управления государственными внебюджетными фондами | B15: 01 | C15: 02 | D15: 65 | E15: 1 | F15: 00 | G15: 41150 | H15: 100 | I15: =I16 -> 295 | J15: =J16 -> 0 | K15: =K16 -> 290 | L15: =L16 -> 240
A16: Расходы на выплаты персоналу государственных (муниципальных) органов | B16: 01 | C16: 02 | D16: 65 | E16: 1 | F16: 00 | G16: 41150 | H16: 120 | I16: =I17+I18 -> 295 | J16: =J17+J18 -> 0 | K16: =K17+K18 -> 290 | L16: =L17+L18 -> 240
A17: Расходы на выплаты по оплате труда высшего должностного лица муниципального образования ( Главы) | B17: 01 | C17: 02 | D17: 65 | E17: 1 | F17: 00 | G17: 41150 | H17: 121 | I17: ='приложение 3'!J18 -> 227 | K17: ='приложение 3'!K18 -> 250 | L17: ='приложение 3'!L18 -> 200
A18: Фонд оплаты труда государственных (муниципальных) органов и взносы по обязательному социальному страхованию | B18: 01 | C18: 02 | D18: 65 | E18: 1 | F18: 00 | G18: 41150 | H18: 129 | I18: ='приложение 3'!J19 -> 68 | K18: ='приложение 3'!K19 -> 40 | L18: ='приложение 3'!L19 -> 40
A19: Субсидии выплачиваемые в зависимости от выполнения социально-экономических показателей | B19: 01 | C19: 02 | D19: 65 | E19: 1 | F19: 00 | G19: 44205 | I19: =I22+I23 -> 188 | J19: =J22+J23 -> 0 | K19: =K22+K23 -> 0 | L19: =L22+L23 -> 0
A20: Расходы на выплаты персоналу в целях обеспечения выполнения функций государственными (муниципальными) органами, казенными учреждениями, органами управления государственными внебюджетными фондами | B20: 01 | C20: 02 | D20: 65 | E20: 1 | F20: 00 | G20: 44205 | H20: 100 | I20: =I21 -> 188 | J20: =J21 -> 0 | K20: =K21 -> 0 | L20: =L21 -> 0
A21: Расходы на выплаты персоналу государственных (муниципальных) органов | B21: 01 | C21: 02 | D21: 65 | E21: 1 | F21: 00 | G21: 44205 | H21: 120 | I21: =I22+I23 -> 188 | J21: =J22+J23 -> 0 | K21: =K22+K23 -> 0 | L21: =L22+L23 -> 0
A22: Расходы на выплаты по оплате труда высшего должностного лица муниципального образования ( Главы) | B22: 01 | C22: 02 | D22: 65 | E22: 1 | F22: 00 | G22: 44205 | H22: 121 | I22: ='приложение 3'!J23 -> 150 | K22: ='приложение 3'!K23 -> 0 | L22: ='приложение 3'!L23 -> 0
A23: Фонд оплаты труда государственных (муниципальных) органов и взносы по обязательному социальному страхованию | B23: 01 | C23: 02 | D23: 65 | E23: 1 | F23: 00 | G23: 44205 | H23: 129 | I23: ='приложение 3'!J24 -> 38 | K23: ='приложение 3'!K24 -> 0 | L23: ='приложение 3'!L24 -> 0
A24: Функционирование Правительства Российской Федерации, высших органов исполнительной власти субъектов Российской Федерации, местных администраций | B24: 01 | C24: 04 | I24: =I25+I60 -> 2266.3 | J24: =J25+J60 -> 0 | K24: =K25+K60 -> 1048.4 | L24: =L25+L60 -> 1033.3
A25: Обеспечение деятельности администрации | B25: 01 | C25: 04 | D25: 65 | I25: =I26+I46 -> 2265.4 | J25: =J26+J46 -> 0 | K25: =K26+K46 -> 1047.5 | L25: =L26+L46 -> 1032.3
A26: Деятельность аппарата администрации Темниковского муниципального района | B26: 01 | C26: 04 | D26: 65 | E26: 1 | I26: =I27 -> 1453.4 | J26: =J27 -> 0 | K26: =K27 -> 1047.5 | L26: =L27 -> 1032.3
A27: Расходы на выплаты по оплате труда работников органов местного самоуправления Республики Мордовия | B27: 01 | C27: 04 | D27: 65 | E27: 1 | F27: 00 | I27: =I28+I33 -> 1453.4 | J27: =J31+J32 -> 0 | K27: =K28+K33 -> 1047.5 | L27: =L28+L33 -> 1032.3
A28: Расходы на выплаты по оплате труда работников органов местного самоуправления | B28: 01 | C28: 04 | D28: 65 | E28: 1 | F28: 00 | G28: 41110 | I28: =I29 -> 1052.3 | J28: =J29 -> 0 | K28: =K29 -> 861.5 | L28: =L29 -> 781
A29: Расходы на выплаты персоналу в целях обеспечения выполнения функций государственными (муниципальными) органами, казенными учреждениями, органами управления государственными внебюджетными фондами | B29: 01 | C29: 04 | D29: 65 | E29: 1 | F29: 00 | G29: 41110 | H29: 100 | I29: =I30 -> 1052.3 | J29: =J30 -> 0 | K29: =K30 -> 861.5 | L29: =L30 -> 781
A30: Расходы на выплаты персоналу государственных (муниципальных) органов | B30: 01 | C30: 04 | D30: 65 | E30: 1 | F30: 00 | G30: 41110 | H30: 120 | I30: =I31+I32 -> 1052.3 | J30: =J31+J32 -> 0 | K30: =K31+K32 -> 861.5 | L30: =L31+L32 -> 781
A31: Фонд оплаты труда государственных (муниципальных) органов и взносы по обязательному социальному страхованию | B31: 01 | C31: 04 | D31: 65 | E31: 1 | F31: 00 | G31: 41110 | H31: 121 | I31: ='приложение 3'!J32 -> 872 | K31: ='приложение 3'!K32 -> 681.5 | L31: ='приложение 3'!L32 -> 642
A32: Взносы по обязательному социальному страхованию на выплаты денежного содержания и иные выплаты работникам государственных(муниципальных) органов | B32: 01 | C32: 04 | D32: 65 | E32: 1 | F32: 00 | G32: 41110 | H32: 129 | I32: ='приложение 3'!J33 -> 180.3 | K32: ='приложение 3'!K33 -> 180 | L32: ='приложение 3'!L33 -> 139
A33: Расходы на обеспечение функцийорганов местного самоуправления | B33: 01 | C33: 04 | D33: 65 | E33: 1 | F33: 00 | G33: 41120 | I33: =I34+I39 -> 401.1 | J33: =J36+J43+J44+J45+J41+J37 -> 2 | K33: =K34+K39 -> 186 | L33: =L34+L39 -> 251.3
A34: Закупка товаров, работ и услуг для обеспечения государственных (муниципальных) нужд | B34: 01 | C34: 04 | D34: 65 | E34: 1 | F34: 00 | G34: 41120 | H34: 200 | I34: =I35 -> 390 | J34: =J35 -> 100 | K34: =K35 -> 130 | L34: =L35 -> 231.2
A35: Иные закупки товаров, работ и услуг для обеспечения государственных (муниципальных) нужд | B35: 01 | C35: 04 | D35: 65 | E35: 1 | F35: 00 | G35: 41120 | H35: 240 | I35: =I36+I37+I38 -> 390 | J35: =J36+J37+J38 -> 100 | K35: =K36+K37+K38 -> 130 | L35: =L36+L37+L38 -> 231.2
A36: Прочая закупка товаров, работ и услуг | B36: 01 | C36: 04 | D36: 65 | E36: 1 | F36: 00 | G36: 41120 | H36: 244 | I36: ='приложение 3'!J37 -> 200 | K36: ='приложение 3'!K37+10 -> 30 | L36: ='приложение 3'!L37 -> 198.3
A37: Закупка товаров, работ и услуг для обеспечения государственных (муниципальных) нужд в области геодезии и картографии вне рамок государственного оборонного заказа | B37: 01 | C37: 04 | D37: 65 | E37: 1 | F37: 00 | G37: 41120 | H37: 245 | I37: ='приложение 3'!J38 -> 10 | J37: ='приложение 3'!K38 -> 0 | K37: ='приложение 3'!L38 -> 0 | L37: ='приложение 3'!M38 -> 0
A38: Закупка энергетических ресурсов | B38: 01 | C38: 04 | D38: 65 | E38: 1 | F38: 00 | G38: 41120 | H38: 247 | I38: ='приложение 3'!J39 -> 180 | J38: ='приложение 3'!K39 -> 100 | K38: ='приложение 3'!K39 -> 100 | L38: ='приложение 3'!L39 -> 32.9
A39: Иные бюджетные ассигнования | B39: 01 | C39: 04 | D39: 65 | E39: 1 | F39: 00 | G39: 41120 | H39: 800 | I39: =I40+I42 -> 11.1 | J39: =J40+J42 -> 2 | K39: =K40+K42 -> 56 | L39: =L40+L42 -> 20.1
A40: Исполнение судебных актов | B40: 01 | C40: 04 | D40: 65 | E40: 1 | F40: 00 | G40: 41120 | H40: 830 | I40: =I41 -> 0 | J40: =J41 -> 2 | K40: =K41 -> 2 | L40: =L41 -> 1
A41: Исполнение судебных актов Российской Федерации и мировых соглашений по возмещению причиненного вреда | B41: 01 | C41: 04 | D41: 65 | E41: 1 | F41: 00 | G41: 41120 | H41: 831 | I41: ='приложение 3'!J42 -> 0 | J41: ='приложение 3'!K42 -> 2 | K41: ='приложение 3'!K42 -> 2 | L41: ='приложение 3'!L42 -> 1
A42: Уплата налогов, сборов и иных платежей | B42: 01 | C42: 04 | D42: 65 | E42: 1 | F42: 00 | G42: 41120 | H42: 850 | I42: =I43+I44+I45 -> 11.1 | J42: =J43+J44+J45 -> 0 | K42: =K43+K44+K45 -> 54 | L42: =L43+L44+L45 -> 19.1
A43: Уплата налога на имущество организация и земельного налога | B43: 01 | C43: 04 | D43: 65 | E43: 1 | F43: 00 | G43: 41120 | H43: 851 | I43: ='приложение 3'!J44 -> 4.4 | K43: ='приложение 3'!K44 -> 15 | L43: ='приложение 3'!L44 -> 9.1
A44: Уплата прочих налогов и сборов | B44: 01 | C44: 04 | D44: 65 | E44: 1 | F44: 00 | G44: 41120 | H44: 852 | I44: ='приложение 3'!J45 -> 2.5 | K44: ='приложение 3'!K45 -> 10 | L44: ='приложение 3'!L45 -> 10
A45: уплата иных платежей | B45: 01 | C45: 04 | D45: 65 | E45: 1 | F45: 00 | G45: 41120 | H45: 853 | I45: ='приложение 3'!J46 -> 4.2 | K45: ='приложение 3'!K46 -> 29 | L45: ='приложение 3'!L46 -> 0
A46: Субсидии выплачиваемые в зависимости от выполнения социально-экономических показателей | B46: 01 | C46: 04 | D46: 65 | E46: 1 | F46: 00 | G46: 44205 | I46: =I47+I52+I56 -> 812 | J46: =J47 -> 0 | K46: =K47+K52+K56 -> 0 | L46: =L47+L52+L56 -> 0
A47: Расходы на выплаты персоналу в целях обеспечения выполнения функций государственными (муниципальными) органами, казенными учреждениями, органами управления государственными внебюджетными фондами | B47: 01 | C47: 04 | D47: 65 | E47: 1 | F47: 00 | G47: 44205 | H47: 100 | I47: =I48 -> 812 | J47: =J48 -> 0 | K47: =K48 -> 0 | L47: =L48 -> 0
A48: Расходы на выплаты персоналу государственных (муниципальных) органов | B48: 01 | C48: 04 | D48: 65 | E48: 1 | F48: 00 | G48: 44205 | H48: 120 | I48: =I49+I50+I51 -> 812 | J48: =J49+J50+J51+J54+J55+J58+J59 -> 0 | K48: =K49+K50+K51 -> 0 | L48: =L49+L50+L51 -> 0
A49: Фонд оплаты труда государственных (муниципальных) органов и взносы по обязательному социальному страхованию | B49: 01 | C49: 04 | D49: 65 | E49: 1 | F49: 00 | G49: 44205 | H49: 121 | I49: ='приложение 3'!J50 -> 760 | K49: ='приложение 3'!K50 -> 0 | L49: ='приложение 3'!L50 -> 0
A50: Иные выплаты персоналу государственных (муниципальных) органов, за исключением фонда оплаты труда | B50: 01 | C50: 04 | D50: 65 | E50: 1 | F50: 00 | G50: 44205 | H50: 122 | I50: ='приложение 3'!J51 -> 0 | K50: ='приложение 3'!K51 -> 0 | L50: ='приложение 3'!L51 -> 0
A51: Взносы по обязательному социальному страхованию на выплаты денежного содержания и иные выплаты работникам государственных(муниципальных) органов | B51: 01 | C51: 04 | D51: 65 | E51: 1 | F51: 00 | G51: 44205 | H51: 129 | I51: ='приложение 3'!J52 -> 52 | K51: ='приложение 3'!K52 -> 0 | L51: ='приложение 3'!L52 -> 0
A52: Закупка товаров, работ и услуг для обеспечения государственных (муниципальных) нужд | B52: 01 | C52: 04 | D52: 65 | E52: 1 | F52: 00 | G52: 44205 | H52: 200 | I52: =I53 -> 0 | J52: =J53 -> 0 | K52: =K53 -> 0 | L52: =L53 -> 0
A53: Иные закупки товаров, работ и услуг для обеспечения государственных (муниципальных) нужд | B53: 01 | C53: 04 | D53: 65 | E53: 1 | F53: 00 | G53: 44205 | H53: 240 | I53: =I54+I55 -> 0 | J53: =J54+J55 -> 0 | K53: =K54+K55 -> 0 | L53: =L54+L55 -> 0
A54: Прочая закупка товаров, работ и услуг | B54: 01 | C54: 04 | D54: 65 | E54: 1 | F54: 00 | G54: 44205 | H54: 244 | I54: ='приложение 3'!J55 -> 0 | K54: ='приложение 3'!K55 -> 0 | L54: ='приложение 3'!L55 -> 0
A55: Закупка товаров, работ и услуг для обеспечения государственных (муниципальных) нужд в области геодезии и картографии вне рамок государственного оборонного заказа | B55: 01 | C55: 04 | D55: 65 | E55: 1 | F55: 00 | G55: 44205 | H55: 245 | I55: ='приложение 3'!J56 -> 0 | J55: ='приложение 3'!K56 -> 0 | K55: ='приложение 3'!L56 -> 0 | L55: ='приложение 3'!M56 -> 0
A56: Иные бюджетные ассигнования | B56: 01 | C56: 04 | D56: 65 | E56: 1 | F56: 00 | G56: 44205 | H56: 800 | I56: =I57 -> 0 | J56: =J57 -> 0 | K56: =K57 -> 0 | L56: =L57 -> 0
A57: Уплата налогов, сборов и иных платежей | B57: 01 | C57: 04 | D57: 65 | E57: 1 | F57: 00 | G57: 44205 | H57: 850 | I57: =I58+I59 -> 0 | J57: =J58+J59 -> 0 | K57: =K58+K59 -> 0 | L57: =L58+L59 -> 0
A58: Уплата налога на имущество организаций и земельного налога | B58: 01 | C58: 04 | D58: 65 | E58: 1 | F58: 00 | G58: 44205 | H58: 851 | I58: ='приложение 3'!J59 -> 0 | K58: ='приложение 3'!K59 -> 0 | L58: ='приложение 3'!L59 -> 0
A59: Уплата прочих налогов, сборов и иных платежей | B59: 01 | C59: 04 | D59: 65 | E59: 1 | F59: 00 | G59: 44205 | H59: 852 | I59: ='приложение 3'!J60 -> 0 | K59: ='приложение 3'!K60 -> 0 | L59: ='приложение 3'!L60 -> 0
A60: Непрограммные расходы главных распорядителей бюджетных средств Темниковского муниципального района | B60: 01 | C60: 04 | D60: 89 | I60: =I61 -> 0,9 | J60: =J61 -> 0 | K60: =K61 -> 0.9 | L60: =L61 -> 1
A61: Непрограммные расходы в рамках обеспечения деятельности главных распорядителей бюджетных средств Темниковского муниципального района | B61: 01 | C61: 04 | D61: 89 | E61: 1 | I61: =I62 -> 0,9 | J61: =J62 -> 0 | K61: =K62 -> 0.9 | L61: =L62 -> 1
A62: Реализация государственных полномочий по определению перечня должностных лиц, уполномоченных составлять протоколы об административных правонарушениях | B62: 01 | C62: 04 | D62: 89 | E62: 1 | F62: 00 | G62: 77150 | I62: =I63 -> 0,9 | J62: =J63 -> 0 | K62: =K63 -> 0.9 | L62: =L63 -> 1
A63: Закупка товаров, работ и услуг для обеспечения государственных (муниципальных) нужд | B63: 01 | C63: 04 | D63: 89 | E63: 1 | F63: 00 | G63: 77150 | H63: 200 | I63: =I64 -> 0,9 | J63: =J65 -> 0 | K63: =K64 -> 0.9 | L63: =L64 -> 1
A64: Иные закупки товаров, работ и услуг для обеспечения государственных (муниципальных) нужд | B64: 01 | C64: 04 | D64: 89 | E64: 1 | F64: 00 | G64: 77150 | H64: 240 | I64: =I65 -> 0,9 | J64: =J65 -> 0 | K64: =K65 -> 0.9 | L64: =L65 -> 1
A65: Прочая закупка товаров, работ и услуг | B65: 01 | C65: 04 | D65: 89 | E65: 1 | F65: 00 | G65: 77150 | H65: 244 | I65: ='приложение 3'!J66 -> 0,9 | K65: ='приложение 3'!K66 -> 0.9 | L65: ='приложение 3'!L66 -> 1
A66: Обеспечение деятельности финансовых, налоговых органов и органов финансового (финансо-бюджетного) надзора | B66: 01 | C66: 06 | I66: =I67 -> 1 | K66: =K67 -> 1 | L66: =L67 -> 1
A67: Непрограммные расходы в рамках обеспечения деятельности главных распорядителей бюджетных средств Темниковского муниципального района | B67: 01 | C67: 06 | D67: 65 | E67: 1 | I67: =I68 -> 1 | K67: =K68 -> 1 | L67: =L68 -> 1
A68: Иные межбюджетные трансферты на осуществление полномочий по составлению и рассмотрению проекта бюджета поселения, утверждению и исполнению бюджета поселения, осуществлению контроля за его исполнением, составлению и утверждению отчета об исполнении бюджета поселения | B68: 01 | C68: 06 | D68: 65 | E68: 1 | F68: 00 | G68: 44501 | I68: =I70 -> 1 | K68: =K70 -> 1 | L68: =L70 -> 1
A69: Межбюджетные трансферты | B69: 01 | C69: 06 | D69: 65 | E69: 1 | F69: 00 | G69: 44501 | H69: 500 | I69: =I70 -> 1 | J69: =J70 -> 1 | K69: =K70 -> 1 | L69: =L70 -> 1
A70: Иные мужбюджетные трансферты | B70: 01 | C70: 06 | D70: 65 | E70: 1 | F70: 00 | G70: 44501 | H70: 540 | I70: ='приложение 3'!J71 -> 1 | J70: ='приложение 3'!K71 -> 1 | K70: ='приложение 3'!L71 -> 1 | L70: ='приложение 3'!L71 -> 1
A71: Резервные фонды | B71: 01 | C71: 11 | I71: =I72 -> 2 | K71: =K72 -> 2 | L71: =L72 -> 2
A72: Непрограммные расходы главных распорядителей бюджетных средств Темниковского муниципального района | B72: 01 | C72: 11 | D72: 89 | I72: =I73 -> 2 | K72: =K73 -> 2 | L72: =L73 -> 2
A73: Непрограммные расходы в рамках обеспечения деятельности главных распорядителей бюджетных средств Темниковского муниципального района | B73: 01 | C73: 11 | D73: 89 | E73: 1 | I73: =I74 -> 2 | K73: =K74 -> 2 | L73: =L74 -> 2
A74: Резервный фонд администрации Аксельского сельского поселения | B74: 01 | C74: 11 | D74: 89 | E74: 1 | F74: 00 | G74: 41180 | I74: =I76 -> 2 | K74: =K76 -> 2 | L74: =L76 -> 2
A75: Иные бюджетные ассигнования | B75: 01 | C75: 11 | D75: 89 | E75: 1 | F75: 00 | G75: 41180 | H75: 800 | I75: =I76 -> 2 | J75: =J76 -> 0 | K75: =K76 -> 2 | L75: =L76 -> 2
A76: Резервные средства | B76: 01 | C76: 11 | D76: 89 | E76: 1 | F76: 00 | G76: 41180 | H76: 870 | I76: ='приложение 3'!J77 -> 2 | K76: ='приложение 3'!K77 -> 2 | L76: ='приложение 3'!L77 -> 2
A77: Другие общегосударственные вопросы | B77: 01 | C77: 13 | I77: =I78 -> 24 | K77: =K78 -> 24 | L77: =L78 -> 24
A78: Непрограммные расходы главных распорядителей бюджетных средств Темниковского муниципального района | B78: 01 | C78: 13 | D78: 89 | I78: =I79 -> 24 | K78: =K79 -> 24 | L78: =L79 -> 24
A79: Непрограммные расходы в рамках обеспечения деятельности главных распорядителей бюджетных средств Темниковского муниципального района | B79: 01 | C79: 13 | D79: 89 | E79: 1 | F79: 00 | I79: =I80 -> 24 | J79: =J80 -> 0 | K79: =K80 -> 24 | L79: =L80 -> 24
A80: Иные межбюджетные трансферты на осуществление полномочий по утверждению генеральных планов поселения, правил землепользования и застройки, утверждению подготовленной на основе генеральных планов поселения документации по планировке территории, выдаче градостроительного плана земельного участка, расположенного в границах поселения, | B80: 01 | C80: 13 | D80: 89 | E80: 1 | F80: 00 | G80: 44107 | I80: =I81 -> 24 | K80: =K81 -> 24 | L80: =L81 -> 24
A81: Закупка товаров, работ и услуг для обеспечения государственных (муниципальных) нужд | B81: 01 | C81: 13 | D81: 89 | E81: 1 | F81: 00 | G81: 44107 | H81: 200 | I81: =I82 -> 24 | J81: =J82 -> 0 | K81: =K82 -> 24 | L81: =L82 -> 24
A82: Иные закупки товаров, работ и услуг для обеспечения государственных (муниципальных) нужд | B82: 01 | C82: 13 | D82: 89 | E82: 1 | F82: 00 | G82: 44107 | H82: 240 | I82: =I83+I84 -> 24 | J82: =J83 -> 0 | K82: =K83 -> 24 | L82: =L83 -> 24
A83: Прочая закупка товаров, работ и услуг | B83: 01 | C83: 13 | D83: 89 | E83: 1 | F83: 00 | G83: 44107 | H83: 244 | I83: ='приложение 3'!J84 -> 14 | K83: ='приложение 3'!L84 -> 24 | L83: ='приложение 3'!L84 -> 24
A84: Закупка товаров, работ и услуг для обеспечения государственных (муниципальных) нужд в области геодезии и картографии вне рамок государственного оборонного заказа | B84: 01 | C84: 13 | D84: 89 | E84: 1 | F84: 00 | G84: 44107 | H84: 245 | I84: ='приложение 3'!J85 -> 10
A85: Национальная оборона | B85: 02 | I85: =I86 -> 131.9 | J85: =J86 -> 0 | K85: =K86 -> 145.7 | L85: =L86 -> 159.8
A86: Мобилизационная и вневойсковая подготовка | B86: 02 | C86: 03 | I86: =I87 -> 131.9 | J86: =J87 -> 0 | K86: =K87 -> 145.7 | L86: =L87 -> 159.8
A87: Непрограммные расходы главных распорядителей бюджетных средств Темниковского муниципального района | B87: 02 | C87: 03 | D87: 89 | E87: 0 | I87: =I88 -> 131.9 | J87: =J88 -> 0 | K87: =K88 -> 145.7 | L87: =L88 -> 159.8
A88: Непрограммные расходы в рамках обеспечения деятельности главных распорядителей бюджетных средств Темниковского муниципального района | B88: 02 | C88: 03 | D88: 89 | E88: 1 | I88: =I89 -> 131.9 | J88: =J89 -> 0 | K88: =K89 -> 145.7 | L88: =L89 -> 159.8
A89: Осуществление первичного воинского учета на территориях, где отсутствуют военные комиссариаты | B89: 02 | C89: 03 | D89: 89 | E89: 1 | F89: 00 | G89: 51180 | I89: =I92+I93+I96 -> 131.9 | J89: =J92+J93+J96 -> 0 | K89: =K92+K93+K96 -> 145.7 | L89: =L92+L93+L96 -> 159.8
A90: Расходы на выплаты персоналу в целях обеспечения выполнения функций государственными (муниципальными) органами, казенными учреждениями, органами управления государственными внебюджетными фондами | B90: 02 | C90: 03 | D90: 89 | E90: 1 | F90: 00 | G90: 51180 | H90: 100 | I90: =I91 -> 122 | J90: =J91 -> 0 | K90: =K91 -> 134.8 | L90: =L91 -> 148
A91: Расходы на выплаты персоналу государственных (муниципальных) органов | B91: 02 | C91: 03 | D91: 89 | E91: 1 | F91: 00 | G91: 51180 | H91: 120 | I91: =I92+I93 -> 122 | J91: =J92+J93 -> 0 | K91: =K92+K93 -> 134.8 | L91: =L92+L93 -> 148
A92: Фонд оплаты труда государственных (муниципальных) органов | B92: 02 | C92: 03 | D92: 89 | E92: 1 | F92: 00 | G92: 51180 | H92: 121 | I92: ='приложение 3'!J92 -> 94 | K92: ='приложение 3'!K92 -> 103.8 | L92: ='приложение 3'!L92 -> 114
A93: Взносы по обязательному социальному страхованию на выплаты денежного содержания и иные выплаты работникам государственных (муниципальных) органов | B93: 02 | C93: 03 | D93: 89 | E93: 1 | F93: 00 | G93: 51180 | H93: 129 | I93: ='приложение 3'!J93 -> 28 | K93: ='приложение 3'!K93 -> 31 | L93: ='приложение 3'!L93 -> 34
A94: Закупка товаров, работ и услуг для обеспечения государственных (муниципальных) нужд | B94: 02 | C94: 03 | D94: 89 | E94: 1 | F94: 00 | G94: 51180 | H94: 200 | I94: =I95 -> 9.9 | J94: =J95 -> 0 | K94: =K95 -> 10.9 | L94: =L95 -> 11.8
A95: Иные закупки товаров, работ и услуг для обеспечения государственных (муниципальных) нужд | B95: 02 | C95: 03 | D95: 89 | E95: 1 | F95: 00 | G95: 51180 | H95: 240 | I95: =I96 -> 9.9 | J95: =J96 -> 0 | K95: =K96 -> 10.9 | L95: =L96 -> 11.8
A96: Прочая закупка товаров, работ и услуг | B96: 02 | C96: 03 | D96: 89 | E96: 1 | F96: 00 | G96: 51180 | H96: 244 | I96: ='приложение 3'!J96 -> 9.9 | K96: ='приложение 3'!K96 -> 10.9 | L96: ='приложение 3'!L96 -> 11.8
A97: Национальная безопасность и правоохранительная деятельность | B97: 03 | I97: =I98 -> 24 | K97: =K98 -> 24 | L97: =L98 -> 24
A98: Защита населения и территории от чрезвычайных ситуаций природного и техногенного характера, пожарная безопасность | B98: 03 | C98: 10 | I98: =I99+I105 -> 24 | J98: =J99+J105 -> 0 | K98: =K99+K105 -> 24 | L98: =L99+L105 -> 24
A99: Непрограммные расходы главных распорядителей бюджетных средств Темниковского муниципального района | B99: 03 | C99: 10 | D99: 89 | E99: 1 | I99: =I100 -> 24 | K99: =K100 -> 24 | L99: =L100 -> 24
A100: Непрограммные расходы в рамках обеспечения деятельности главных распорядителей бюджетных средств Темниковского муниципального района | B100: 03 | C100: 10 | D100: 89 | E100: 1 | F100: 00 | I100: =I101 -> 24 | K100: =K101 -> 24 | L100: =L101 -> 24
A101: Иные межбюджетные трансферты на осуществление полномочий по организации и осуществлению мероприятий по территориальной обороне и гражданской обороне, защите населения от чрезвычайных ситуаций природного и техногенного характера | B101: 03 | C101: 10 | D101: 89 | E101: 1 | F101: 00 | G101: 44110 | I101: =I104 -> 24 | K101: =K104 -> 24 | L101: =L104 -> 24
...

Sheet приложение 3
C1: Приложение №3 к решению сессси Совета депутатов Бабеевское сельского поселения
C2: № 114 от "28"декабря 2023года
A4: ВЕДОМСТВЕННАЯ СТРУКТУРА РАСХОДОВ БЮДЖЕТА БАБЕЕВСКОГО СЕЛЬСКОГО ПОСЕЛЕНИЯ ТЕМНИКОВСКОГО МУНИЦИПАЛЬНОГО РАЙОНА РЕСПУБЛИКИ МОРДОВИЯ НА 2024-2026гг.
L5: тыс.рублей
A6: Наименование | B6: Адм | C6: РЗ | D6: ПРЗ | E6: ЦСР | I6: ВР
J7: 2024 | K7: 2025 | L7: 2026
A8: 1 | B8: 2 | C8: 3 | D8: 4 | E8: 5 | F8: 6 | G8: 7 | H8: 8 | I8: 9 | J8: 10 | K8: 11 | L8: 12
A9: ВСЕГО | B9: 912 | J9: =J10 -> 5390.9 | K9: =K10 -> 4179.4 | L9: =L10 -> 4136.1
A10: Администрация сельского поселения | B10: 912 | J10: =J11+J86+J97+J109+J117+J161+J169 -> 5390.9 | K10: =K11+K86+K97+K109+K117+K161+K169+K184 -> 4179.4 | L10: =L11+L86+L97+L109+L117+L161+L169 -> 4136.1
A11: Общегосударственные вопросы | B11: 912 | C11: 01 | J11: =J12+J25+J67+J72+J78 -> 2776.3 | K11: =K12+K25+K67+K72+K78 -> 1355.4 | L11: =L12+L25+L67+L72+L78 -> 1300.3
A12: Функционирование высшего должностного лица субъекта РФ и муниципального образавания | B12: 912 | C12: 01 | D12: 02 | J12: =J13 -> 483 | K12: =K13 -> 290 | L12: =L13 -> 240
A13: Обеспечение деятельности администрации | B13: 912 | C13: 01 | D13: 02 | E13: 65 | J13: =J14 -> 483 | K13: =K14 -> 290 | L13: =L14 -> 240
A14: Глава, аппарат администрации | B14: 912 | C14: 01 | D14: 02 | E14: 65 | F14: 1 | G14: 00 | J14: =J15+J20 -> 483 | K14: =K15+K20 -> 290 | L14: =L15+L20 -> 240
A15: Расходы на выплаты по оплате труда высшего должностного лица | B15: 912 | C15: 01 | D15: 02 | E15: 65 | F15: 1 | G15: 00 | H15: 41150 | J15: =J16 -> 295 | K15: =K16 -> 290 | L15: =L16 -> 240 | M15: =J15+J20+J29+J34+J47+J63+J69+J75+J81+J89+J101+J105+J113+J126+J133+J145+J165+J173+J180 -> 5164.2
A16: Расходы на выплаты персоналу в целях обеспечения выполнения функций государственными (муниципальными) органами, казенными учреждениями, органами управления государственными внебюджетными фондами | B16: 912 | C16: 01 | D16: 02 | E16: 65 | F16: 1 | G16: 00 | H16: 41150 | I16: 100 | J16: =J17 -> 295 | K16: =K17 -> 290 | L16: =L17 -> 240
A17: Расходы на выплаты персоналу государственных (муниципальных) органов | B17: 912 | C17: 01 | D17: 02 | E17: 65 | F17: 1 | G17: 00 | H17: 41150 | I17: 120 | J17: =J18+J19 -> 295 | K17: =K18+K19 -> 290 | L17: =L18+L19 -> 240 | M17: =J17+J22+J31+J36+J41+J43+J49+J54+J58+J65+J70+J77+J83+J91+J95+J103+J107+J115+J128+J135+J147+J151+J155+J159+J167+J175+J182 -> 5184.2
A18: Фонд оплаты труда государственных (муниципальных) органов | B18: 912 | C18: 01 | D18: 02 | E18: 65 | F18: 1 | G18: 00 | H18: 41150 | I18: 121 | J18: 227 | K18: 250 | L18: 200 | M18: =J18+J19+J23+J24+J32+J33+J37+J38+J39+J42+J44+J45+J46+J50+J51+J52+J55+J56+J59+J60+J66+J71+J77+J84+J92+J93+J96+J104+J108+J116+J129+J136+J148+J152+J156+J160+#REF!+J168+J176+#REF!+J183 -> #REF!
A19: Взносы по обязательному социальному страхованию на выплаты денежного содержания и иные выплаты работникам государственных(муниципальных) органов | B19: 912 | C19: 01 | D19: 02 | E19: 65 | F19: 1 | G19: 00 | H19: 41150 | I19: 129 | J19: 68 | K19: 40 | L19: 40
A20: Субсидии выплачиваемые в зависимости от выполнения социально-экономических показателей | B20: 912 | C20: 01 | D20: 02 | E20: 65 | F20: 1 | G20: 00 | H20: 44205 | J20: =J21 -> 188 | K20: =K21 -> 0 | L20: =L21 -> 0
A21: Расходы на выплаты персоналу в целях обеспечения выполнения функций государственными (муниципальными) органами, казенными учреждениями, органами управления государственными внебюджетными фондами | B21: 912 | C21: 01 | D21: 02 | E21: 65 | F21: 1 | G21: 00 | H21: 44205 | I21: 100 | J21: =J22 -> 188 | K21: =K22 -> 0 | L21: =L22 -> 0 | M21: =J16+J21+J30+J35+J40+J48+J53+J57+J64+J70+J76+J82+J90+J94+J102+J106+J114+J127+J134+J146+J150+J154+J158+J166+J174+J181 -> 5184.2
A22: Расходы на выплаты персоналу государственных (муниципальных) органов | B22: 912 | C22: 01 | D22: 02 | E22: 65 | F22: 1 | G22: 00 | H22: 44205 | I22: 120 | J22: =J23+J24 -> 188 | K22: =K23+K24 -> 0 | L22: =L23+L24 -> 0
A23: Фонд оплаты труда государственных (муниципальных) органов | B23: 912 | C23: 01 | D23: 02 | E23: 65 | F23: 1 | G23: 00 | H23: 44205 | I23: 121 | J23: 150
A24: Взносы по обязательному социальному страхованию на выплаты денежного содержания и иные выплаты работникам государственных(муниципальных) органов | B24: 912 | C24: 01 | D24: 02 | E24: 65 | F24: 1 | G24: 00 | H24: 44205 | I24: 129 | J24: 38
A25: Функционирование Правительства Российской Федерации, высших органов исполнительной власти субъектов Российской Федерации, местных администраций | B25: 912 | C25: 01 | D25: 04 | J25: =J26+J61 -> 2266.3 | K25: =K26+K61 -> 1038.4 | L25: =L26+L61 -> 1033.3
A26: Обеспечение деятельности администрации | B26: 912 | C26: 01 | D26: 04 | E26: 65 | J26: =J27 -> 2265.4 | K26: =K27+K47 -> 1037.5 | L26: =L27+L47 -> 1032.3
A27: Деятельность аппарата администрации Темниковского муниципального района | B27: 912 | C27: 01 | D27: 04 | E27: 65 | F27: 1 | J27: =J28 -> 2265.4 | K27: =K28+K34 -> 1037.5 | L27: =L28+L34 -> 1032.3 | M27: =J23+J24+J50+J51+J52+J55+J56+J59+J60 -> 1000
A28: Расходы на выплаты по оплате труда работников органов местного самоуправления Республики Мордовия | B28: 912 | C28: 01 | D28: 04 | E28: 65 | F28: 1 | G28: 00 | J28: =J29+J34+J47 -> 2265.4 | K28: =K32+K33 -> 861.5 | L28: =L32+L33 -> 781
A29: Расходы на выплаты по оплате труда работников органов местного самоуправления | B29: 912 | C29: 01 | D29: 04 | E29: 65 | F29: 1 | G29: 00 | H29: 41110 | J29: =J30 -> 1052.3 | K29: =K30 -> 861.5 | L29: =L30 -> 781
A30: Расходы на выплаты персоналу в целях обеспечения выполнения функций государственными (муниципальными) органами, казенными учреждениями, органами управления государственными внебюджетными фондами | B30: 912 | C30: 01 | D30: 04 | E30: 65 | F30: 1 | G30: 00 | H30: 41110 | I30: 100 | J30: =J31 -> 1052.3 | K30: =K31 -> 861.5 | L30: =L31 -> 781
A31: Расходы на выплаты персоналу государственных (муниципальных) органов | B31: 912 | C31: 01 | D31: 04 | E31: 65 | F31: 1 | G31: 00 | H31: 41110 | I31: 120 | J31: =J32+J33 -> 1052.3 | K31: =K32+K33 -> 861.5 | L31: =L32+L33 -> 781
A32: Фонд оплаты труда государственных (муниципальных) органов | B32: 912 | C32: 01 | D32: 04 | E32: 65 | F32: 1 | G32: 00 | H32: 41110 | I32: 121 | J32: 872 | K32: =800-118.5 -> 681.5 | L32: =460+182 -> 642
A33: Взносы по обязательному социальному страхованию на выплаты денежного содержания и иные выплаты работникам государственных(муниципальных) органов | B33: 912 | C33: 01 | D33: 04 | E33: 65 | F33: 1 | G33: 00 | H33: 41110 | I33: 129 | J33: =260-79.7 -> 180.3 | K33: 180 | L33: 139
A34: Расходы на обеспечение функций органов местного самоуправления | B34: 912 | C34: 01 | D34: 04 | E34: 65 | F34: 1 | G34: 00 | H34: 41120 | J34: =J35+J40 -> 401.1 | K34: =K35+K40 -> 176 | L34: =L35+L40 -> 251.3
A35: Закупка товаров, работ и услуг для обеспечения государственных (муниципальных) нужд | B35: 912 | C35: 01 | D35: 04 | E35: 65 | F35: 1 | G35: 00 | H35: 41120 | I35: 200 | J35: =J36 -> 390 | K35: =K36 -> 120 | L35: =L36 -> 231.2
A36: Иные закупки товаров, работ и услуг для обеспечения государственных (муниципальных) нужд | B36: 912 | C36: 01 | D36: 04 | E36: 65 | F36: 1 | G36: 00 | H36: 41120 | I36: 240 | J36: =J37+J38+J39 -> 390 | K36: =K37+K38+K39 -> 120 | L36: =L37+L38+L39 -> 231.2
A37: Прочая закупка товаров, работ и услуг | B37: 912 | C37: 01 | D37: 04 | E37: 65 | F37: 1 | G37: 00 | H37: 41120 | I37: 244 | J37: 200 | K37: 20 | L37: 198.3 | N37: 3
A38: Закупка товаров, работ и услуг для обеспечения государственных (муниципальных) нужд в области геодезии и картографии вне рамок государственного оборонного заказа | B38: 912 | C38: 01 | D38: 04 | E38: 65 | F38: 1 | G38: 00 | H38: 41120 | I38: 245 | J38: 10 | K38: 0 | L38: 0
A39: Закупка энергетических ресурсов | B39: 912 | C39: 01 | D39: 04 | E39: 65 | F39: 1 | G39: 00 | H39: 41120 | I39: 247 | J39: 180 | K39: 100 | L39: =250-217.1 -> 32.9
A40: Иные бюджетные ассигнования | B40: 912 | C40: 01 | D40: 04 | E40: 65 | F40: 1 | G40: 00 | H40: 41120 | I40: 800 | J40: =J41+J43 -> 11.1 | K40: =K41+K43 -> 56 | L40: =L41+L43 -> 20.1
A41: Исполнение судебных актов | B41: 912 | C41: 01 | D41: 04 | E41: 65 | F41: 1 | G41: 00 | H41: 41120 | I41: 830 | J41: =J42 -> 0 | K41: =K42 -> 2 | L41: =L42 -> 1
A42: Исполнение судебных актов Российской Федерации и мировых соглашений по возмещению причиненного вреда | B42: 912 | C42: 01 | D42: 04 | E42: 65 | F42: 1 | G42: 00 | H42: 41120 | I42: 831 | J42: 0 | K42: 2 | L42: 1
A43: Уплата налогов, сборов и иных платежей | B43: 912 | C43: 01 | D43: 04 | E43: 65 | F43: 1 | G43: 00 | H43: 41120 | I43: 850 | J43: =J44+J45+J46 -> 11.1 | K43: =K44+K45+K46 -> 54 | L43: =L44+L45+L46 -> 19.1
A44: Уплата налога на имущество организация и земельного налога | B44: 912 | C44: 01 | D44: 04 | E44: 65 | F44: 1 | G44: 00 | H44: 41120 | I44: 851 | J44: 4.4 | K44: 15 | L44: =20.5-11.4 -> 9.1
A45: Уплата прочих налогов и сборов | B45: 912 | C45: 01 | D45: 04 | E45: 65 | F45: 1 | G45: 00 | H45: 41120 | I45: 852 | J45: =0.4+2.1 -> 2.5 | K45: 10 | L45: 10
A46: уплата иных платежей | B46: 912 | C46: 01 | D46: 04 | E46: 65 | F46: 1 | G46: 00 | H46: 41120 | I46: 853 | J46: 4.2 | K46: 29 | L46: 0
A47: Субсидии выплачиваемые в зависимости от выполнения социально-экономических показателей | B47: 912 | C47: 01 | D47: 04 | E47: 65 | F47: 1 | G47: 00 | H47: 44205 | J47: =J48+J53+J57 -> 812 | K47: =K48+K53 -> 0 | L47: =L48+L53 -> 0
A48: Расходы на выплаты персоналу в целях обеспечения выполнения функций государственными (муниципальными) органами, казенными учреждениями, органами управления государственными внебюджетными фондами | B48: 912 | C48: 01 | D48: 04 | E48: 65 | F48: 1 | G48: 00 | H48: 44205 | I48: 100 | J48: =J49 -> 812 | K48: =K49 -> 0 | L48: =L49 -> 0
A49: Расходы на выплаты персоналу государственных (муниципальных) органов | B49: 912 | C49: 01 | D49: 04 | E49: 65 | F49: 1 | G49: 00 | H49: 44205 | I49: 120 | J49: =J50+J51+J52 -> 812 | K49: =K50+K51+K52 -> 0 | L49: =L50+L51+L52 -> 0
A50: Фонд оплаты труда государственных (муниципальных) органов | B50: 912 | C50: 01 | D50: 04 | E50: 65 | F50: 1 | G50: 00 | H50: 44205 | I50: 121 | J50: 760
A51: Иные выплаты персоналу государственных (муниципальных) органов, за исключением фонда оплаты труда | B51: 912 | C51: 01 | D51: 04 | E51: 65 | F51: 1 | G51: 00 | H51: 44205 | I51: 122 | J51: 0
A52: Взносы по обязательному социальному страхованию на выплаты денежного содержания и иные выплаты работникам государственных(муниципальных) органов | B52: 912 | C52: 01 | D52: 04 | E52: 65 | F52: 1 | G52: 00 | H52: 44205 | I52: 129 | J52: 52
A53: Закупка товаров, работ и услуг для обеспечения государственных (муниципальных) нужд | B53: 912 | C53: 01 | D53: 04 | E53: 65 | F53: 1 | G53: 00 | H53: 44205 | I53: 200 | J53: =J54 -> 0 | K53: =K54 -> 0 | L53: =L54 -> 0
A54: Иные закупки товаров, работ и услуг для обеспечения государственных (муниципальных) нужд | B54: 912 | C54: 01 | D54: 04 | E54: 65 | F54: 1 | G54: 00 | H54: 44205 | I54: 240 | J54: =J55+J56 -> 0 | K54: =K55+K56 -> 0 | L54: =L55+L56 -> 0
A55: Прочая закупка товаров, работ и услуг | B55: 912 | C55: 01 | D55: 04 | E55: 65 | F55: 1 | G55: 00 | H55: 44205 | I55: 244 | J55: 0
A56: Закупка товаров, работ и услуг для обеспечения государственных (муниципальных) нужд в области геодезии и картографии вне рамок государственного оборонного заказа | B56: 912 | C56: 01 | D56: 04 | E56: 65 | F56: 1 | G56: 00 | H56: 44205 | I56: 245 | J56: 0
A57: Иные бюджетные ассигнования | B57: 912 | C57: 01 | D57: 04 | E57: 65 | F57: 1 | G57: 00 | H57: 44205 | I57: 800 | J57: =J58 -> 0 | K57: =K58 -> 0 | L57: =L58 -> 0
A58: Уплата налогов, сборов и иных платежей | B58: 912 | C58: 01 | D58: 04 | E58: 65 | F58: 1 | G58: 00 | H58: 44205 | I58: 850 | J58: =J59+J60 -> 0 | K58: =K59+K60 -> 0 | L58: =L59+L60 -> 0
A59: Уплата прочих налогов, сборов и иных платежей | B59: 912 | C59: 01 | D59: 04 | E59: 65 | F59: 1 | G59: 00 | H59: 44205 | I59: 852 | J59: 0
A60: Уплата иных платежей | B60: 912 | C60: 01 | D60: 04 | E60: 65 | F60: 1 | G60: 00 | H60: 44205 | I60: 853 | J60: 0
A61: Непрограммные расходы главных распорядителей бюджетных средств Темниковского муниципального района Республики Мордовия | B61: 912 | C61: 01 | D61: 04 | E61: 89 | J61: =J62 -> 0,9 | K61: =K62 -> 0.9 | L61: =L62 -> 1
A62: Непрограммные расходы в рамках обеспечения деятельности главных распорядителей бюджетных средств Темниковского муниципального района Республики Мордовия | B62: 912 | C62: 01 | D62: 04 | E62: 89 | F62: 1 | J62: =J63 -> 0,9 | K62: =K63 -> 0.9 | L62: =L63 -> 1
A63: Реализация государственных полномочий по определению перечня должностных лиц, уполномоченных составлять протоколы об административных правонарушениях | B63: 912 | C63: 01 | D63: 04 | E63: 89 | F63: 1 | G63: 00 | H63: 77150 | J63: =J65 -> 0,9 | K63: =K65 -> 0.9 | L63: =L65 -> 1
A64: Закупка товаров, работ и услуг для обеспечения государственных (муниципальных) нужд | B64: 912 | C64: 01 | D64: 04 | E64: 89 | F64: 1 | G64: 00 | H64: 77150 | I64: 200 | J64: =J65 -> 0,9 | K64: =K65 -> 0.9 | L64: =L65 -> 1
A65: Иные закупки товаров, работ и услуг для обеспечения государственных (муниципальных) нужд | B65: 912 | C65: 01 | D65: 04 | E65: 89 | F65: 1 | G65: 00 | H65: 77150 | I65: 240 | J65: =J66 -> 0,9 | K65: =K66 -> 0.9 | L65: =L66 -> 1
A66: Прочая закупка товаров, работ и услуг | B66: 912 | C66: 01 | D66: 04 | E66: 89 | F66: 1 | G66: 00 | H66: 77150 | I66: 244 | J66: 0,9 | K66: 0.9 | L66: 1
A67: Обеспечение деятельности финансовых, налоговых органов и органов финансового (финансо-бюджетного) надзора | B67: 912 | C67: 01 | D67: 06 | J67: =J68 -> 1 | K67: =K68 -> 1 | L67: =L68 -> 1
A68: Непрограммные расходы в рамках обеспечения деятельности главных распорядителей бюджетных средств Темниковского муниципального района | B68: 912 | C68: 01 | D68: 06 | E68: 65 | F68: 1 | J68: =J69 -> 1 | K68: =K69 -> 1 | L68: =L69 -> 1
A69: Иные межбюджетные трансферты на осуществление полномочий по составлению и рассмотрению проекта бюджета поселения, утверждению и исполнению бюджета поселения, осуществлению контроля за его исполнением, составлению и утверждению отчета об исполнении бюджета поселения | B69: 912 | C69: 01 | D69: 06 | E69: 65 | F69: 1 | G69: 00 | H69: 44501 | J69: =J70 -> 1 | K69: =K70 -> 1 | L69: =L70 -> 1
A70: Межбюджетные трансферты | B70: 912 | C70: 01 | D70: 06 | E70: 65 | F70: 1 | G70: 00 | H70: 44501 | I70: 500 | J70: =J71 -> 1 | K70: =K71 -> 1 | L70: =L71 -> 1
A71: Иные мужбюджетные трансферты | B71: 912 | C71: 01 | D71: 06 | E71: 65 | F71: 1 | G71: 00 | H71: 44501 | I71: 540 | J71: 1 | K71: 1 | L71: 1
A72: Резервные фонды | B72: 912 | C72: 01 | D72: 11 | J72: =J73 -> 2 | K72: =K73 -> 2 | L72: =L73 -> 2
A73: Непрограммные расходы главных распорядителей бюджетных средств Темниковского муниципального района | B73: 912 | C73: 01 | D73: 11 | E73: 89 | J73: =J74 -> 2 | K73: =K74 -> 2 | L73: =L74 -> 2
A74: Непрограммные расходы в рамках обеспечения деятельности главных распорядителей бюджетных средств Темниковского муниципального района | B74: 912 | C74: 01 | D74: 11 | E74: 89 | F74: 1 | J74: =J75 -> 2 | K74: =K75 -> 2 | L74: =L75 -> 2
A75: Резервный фонд администраци Аксельского сельского поселения | B75: 912 | C75: 01 | D75: 11 | E75: 89 | F75: 1 | G75: 00 | H75: 41180 | J75: =J77 -> 2 | K75: =K77 -> 2 | L75: =L77 -> 2
A76: Иные бюджетные ассигнования | B76: 912 | C76: 01 | D76: 11 | E76: 89 | F76: 1 | G76: 00 | H76: 41180 | I76: 800 | J76: =J77 -> 2 | K76: =K77 -> 2 | L76: =L77 -> 2
A77: Резервные средства | B77: 912 | C77: 01 | D77: 11 | E77: 89 | F77: 1 | G77: 00 | H77: 41180 | I77: 870 | J77: 2 | K77: 2 | L77: 2
A78: Другие общегосударственные вопросы | B78: 912 | C78: 01 | D78: 13 | J78: =J79 -> 24 | K78: =K79 -> 24 | L78: =L79 -> 24
A79: Непрограммные расходы главных распорядителей бюджетных средств Темниковского муниципального района | B79: 912 | C79: 01 | D79: 13 | E79: 89 | J79: =J80 -> 24 | K79: =K80 -> 24 | L79: =L80 -> 24
A80: Непрограммные расходы в рамках обеспечения деятельности главных распорядителей бюджетных средств Темниковского муниципального района | B80: 912 | C80: 01 | D80: 13 | E80: 89 | F80: 1 | G80: 00 | J80: =J81 -> 24 | K80: =K81 -> 24 | L80: =L81 -> 24
A81: Иные межбюджетные трансферты на осуществление полномочий по утверждению генеральных планов поселения, правил землепользования и застройки, утверждению подготовленной на основе генеральных планов поселения документации по планировке территории, выдаче градостроительного плана земельного участка, расположенного в границах поселения, | B81: 912 | C81: 01 | D81: 13 | E81: 89 | F81: 1 | G81: 00 | H81: 44107 | J81: =J82 -> 24 | K81: =K82 -> 24 | L81: =L82 -> 24
A82: Закупка товаров, работ и услуг для обеспечения государственных (муниципальных) нужд | B82: 912 | C82: 01 | D82: 13 | E82: 89 | F82: 1 | G82: 00 | H82: 44107 | I82: 200 | J82: =J83 -> 24 | K82: =K83 -> 24 | L82: =L83 -> 24
A83: Иные закупки товаров, работ и услуг для обеспечения государственных (муниципальных) нужд | B83: 912 | C83: 01 | D83: 13 | E83: 89 | F83: 1 | G83: 00 | H83: 44107 | I83: 240 | J83: =J84+J85 -> 24 | K83: =K84 -> 24 | L83: =L84 -> 24
A84: Прочая закупка товаров, работ и услуг | B84: 912 | C84: 01 | D84: 13 | E84: 89 | F84: 1 | G84: 00 | H84: 44107 | I84: 244 | J84: 14 | K84: 24 | L84: 24
A85: Закупка товаров, работ и услуг для обеспечения государственных (муниципальных) нужд в области геодезии и картографии вне рамок государственного оборонного заказа | B85: 912 | C85: 01 | D85: 13 | E85: 89 | F85: 1 | G85: 00 | H85: 44107 | I85: 245 | J85: 10
A86: Мобилизационная и вневойсковая подготовка | B86: 912 | C86: 02 | D86: 03 | J86: =J87 -> 131.9 | K86: =K87 -> 145.7 | L86: =L87 -> 159.8
A87: Непрограммные расходы главных распорядителей бюджетных средств Темниковского муниципального района | B87: 912 | C87: 02 | D87: 03 | E87: 89 | F87: 0 | J87: =J88 -> 131.9 | K87: =K88 -> 145.7 | L87: =L88 -> 159.8
A88: Непрограммные расходы в рамках обеспечения деятельности главных распорядителей бюджетных средств Темниковского муниципального района | B88: 912 | C88: 02 | D88: 03 | E88: 89 | F88: 1 | J88: =J89 -> 131.9 | K88: =K89 -> 145.7 | L88: =L89 -> 159.8
A89: Осуществление первичного воинского учета на территориях, где отсутствуют военные комиссариаты | B89: 912 | C89: 02 | D89: 02 | E89: 89 | F89: 1 | G89: 00 | H89: 51180 | J89: =J92+J93+J96 -> 131.9 | K89: =K92+K93+K96 -> 145.7 | L89: =L92+L93+L96 -> 159.8
A90: Расходы на выплаты персоналу в целях обеспечения выполнения функций государственными (муниципальными) органами, казенными учреждениями, органами управления государственными внебюджетными фондами | B90: 912 | C90: 02 | D90: 03 | E90: 89 | F90: 1 | G90: 00 | H90: 51180 | I90: 100 | J90: =J91 -> 122 | K90: =K91 -> 134.8 | L90: =L91 -> 148
A91: Расходы на выплаты персоналу государственных (муниципальных) органов | B91: 912 | C91: 02 | D91: 03 | E91: 89 | F91: 1 | G91: 00 | H91: 51180 | I91: 120 | J91: =J92+J93 -> 122 | K91: =K92+K93 -> 134.8 | L91: =L92+L93 -> 148
A92: Фонд оплаты труда государственных (муниципальных) органов | B92: 912 | C92: 02 | D92: 03 | E92: 89 | F92: 1 | G92: 00 | H92: 51180 | I92: 121 | J92: 94 | K92: 103.8 | L92: 114
A93: Взносы по обязательному социальному страхованию на выплаты денежного содержания и иные выплаты работникам государственных(муниципальных) органов | B93: 912 | C93: 02 | D93: 03 | E93: 89 | F93: 1 | G93: 00 | H93: 51180 | I93: 129 | J93: 28 | K93: 31 | L93: 34
A94: Закупка товаров, работ и услуг для обеспечения государственных (муниципальных) нужд | B94: 912 | C94: 02 | D94: 03 | E94: 89 | F94: 1 | G94: 00 | H94: 51180 | I94: 200 | J94: =J95 -> 9.9 | K94: =K95 -> 10.9 | L94: =L95 -> 11.8
A95: Иные закупки товаров, работ и услуг для обеспечения государственных (муниципальных) нужд | B95: 912 | C95: 02 | D95: 03 | E95: 89 | F95: 1 | G95: 00 | H95: 51180 | I95: 240 | J95: =J96 -> 9.9 | K95: =K96 -> 10.9 | L95: =L96 -> 11.8
A96: Прочая закупка товаров, работ и услуг | B96: 912 | C96: 02 | D96: 03 | E96: 89 | F96: 1 | G96: 00 | H96: 51180 | I96: 244 | J96: 9.9 | K96: 10.9 | L96: 11.8
A97: Национальная безопасность и правоохранительная деятельность | B97: 912 | C97: 03 | J97: =J98 -> 24 | K97: =K98 -> 24 | L97: =L98 -> 24
A98: Защита населения и территории от чрезвычайных ситуаций природного и техногенного характера, пожарная безопасность | B98: 912 | C98: 03 | D98: 10 | J98: =J99+J105 -> 24 | K98: =K99+K105 -> 24 | L98: =L99+L105 -> 24
A99: Непрограммные расходы главных распорядителей бюджетных средств Темниковского муниципального района | B99: 912 | C99: 03 | D99: 10 | E99: 89 | F99: 1 | J99: =J100 -> 24 | K99: =K100 -> 24 | L99: =L100 -> 24
A100: Непрограммные расходы в рамках обеспечения деятельности главных распорядителей бюджетных средств Темниковского муниципального района | B100: 912 | C100: 03 | D100: 10 | E100: 89 | F100: 1 | G100: 00 | J100: =J101 -> 24 | K100: =K101 -> 24 | L100: =L101 -> 24
A101: Иные межбюджетные трансферты на осуществление полномочий по организации и осуществлению мероприятий по территориальной обороне и гражданской обороне, защите населения от чрезвычайных ситуаций природного и техногенного характера | B101: 912 | C101: 03 | D101: 10 | E101: 89 | F101: 1 | G101: 00 | H101: 44110 | J101: =J104 -> 24 | K101: =K104 -> 24 | L101: =L104 -> 24
...

Sheet приложение 4
I2: Приложение №4
B3: к решению Совета депутатов
B4: Бабеевского сельского поселения
D5: №114 от " 28" декабря 2023г
B8: РАСПРЕДЕЛЕНИЕ БЮДЖЕТНЫХ АССИГНОВАНИЙ БЮДЖЕТА БАБЕЕВСКОГО СЕЛЬСКОГО ПОСЕЛЕНИЯ ТЕМНИКОВСКОГО МУНИЦИПАЛЬНОГО РАЙОНА ПО ЦЕЛЕВЫМ СТАТЬЯМ (МУНИЦИПАЛЬНЫМ ПРОГРАММАМ И НЕПРОГРАММНЫМ НАПРАВЛЕНИЯМ ДЕЯТЕЛЬНОСТИ), ГРУППАМ (ГРУППАМ И ПОДГРУППАМ) ВИДОВ РАСХОДОВ КЛАССИФИКАЦИИ РАСХОДОВ БЮДЖЕТОВ, А ТАКЖЕ ПО РАЗДЕЛАМ И ПОДРАЗДЕЛАМ КЛАССИФИКАЦИИ РАСХОДОВ БЮДЖЕТОВ НА 2023 ГОД И ПЛАНОВЫЙ ПЕРИОД 2024-2025ГГ
K10: тыс.рублей
B11: Наименование | C11: ЦСР | G11: вр | H11: Рз | I11: ПРз | J11: Адм | K11: 2024 | L11: 2025 | M11: 2026
B13: 1 | C13: 2 | D13: 3 | E13: 5 | F13: 6 | H13: 7 | I13: 8 | J13: 9 | K13: 10 | L13: 11 | M13: 12
B14: ВСЕГО | K14: =K15+K43+K153 -> 5530.1 | L14: =L15+L153+L43 -> 4346.6 | M14: =M15+M153+M43 -> 4136.1
B15: Программные расходы | K15: =K16+K25+K34 -> 200.3 | L15: =L16+L25+L34 -> 200.3 | M15: =M16+M25+M34 -> 200.3
B16: Муниципальная целевая программа"Устройство контейнерных площадок и установка урн на территории Бабеевского сельского поселения на 2020 год" | C16: 10 | K16: =K17 -> 0 | L16: =L17 -> 0 | M16: =M17 -> 0
B17: Региональный проект "Комплексная система обращения с твёрдыми коммунальными отходами" | C17: 10 | D17: 0 | E17: G2 | K17: =K18 -> 0 | L17: =L18 -> 0 | M17: =M18 -> 0
B18: Создание (обустройство) мест (площадок) накопления (в том числе раздельного накопления) твердых коммунальных отходов и приобретение контейнеров и/или бункеров для накопления твердых коммунальных отходов | C18: 10 | D18: 0 | E18: G2 | F18: 76370 | K18: =K23 -> 0 | L18: =L23 -> 0 | M18: =M23 -> 0
B19: Закупка товаров, работ и услуг для обеспечения государственных (муниципальных) нужд | C19: 10 | D19: 0 | E19: G2 | F19: 76370 | G19: 200 | K19: =K20 -> 0 | L19: =L20 -> 0 | M19: =M20 -> 0
B20: Иные закупки товаров, работ и услуг для обеспечения государственных (муниципальных) нужд | C20: 10 | D20: 0 | E20: G2 | F20: 76370 | G20: 240 | K20: =K21 -> 0 | L20: =L21 -> 0 | M20: =M21 -> 0
B21: Прочая закупка товаров, работ и услуг | C21: 10 | D21: 0 | E21: G2 | F21: 76370 | G21: 244 | K21: =K22 -> 0 | L21: =L22 -> 0 | M21: =M22 -> 0
B22: Жилищно-коммунальное хозяйство | C22: 10 | D22: 0 | E22: G2 | F22: 76370 | G22: 244 | H22: 5 | K22: =K23 -> 0 | L22: =L23 -> 0 | M22: =M23 -> 0
B23: Благоустройство | C23: 10 | D23: 0 | E23: G2 | F23: 76370 | G23: 244 | H23: 05 | I23: 03 | K23: =K24 -> 0 | L23: =L24 -> 0 | M23: =M24 -> 0
B24: Администрация Бабеевского сельского поселения | C24: 10 | D24: 0 | E24: G2 | F24: 76370 | G24: 244 | H24: 05 | I24: 03 | J24: 912 | K24: ='приложение 3'!J136 -> 0 | L24: ='приложение 3'!K136 -> 0 | M24: ='приложение 3'!L136 -> 0
B25: Муниципальная программа «Энергосбережение и повышение энергетической эффективности на территории Бабеевского сельского поселения Темниковского муниципального района 2020-2024гг" | C25: 12 | K25: =K26 -> 200.3 | L25: =L26 -> 200.3 | M25: =M26 -> 200.3
B26: Мероприятие " Оформление прав собственности на бесхозяйные объекты инженерной инфраструктуры" | C26: 12 | D26: 0 | E26: 04 | K26: =K27 -> 200.3 | L26: =L27 -> 200.3 | M26: =M27 -> 200.3
B27: Оформление прав собственности на бесхозяйные объекты инженерной инфраструктуры | C27: 12 | D27: 0 | E27: 04 | F27: S6140 | K27: =K28 -> 200.3 | L27: =L28 -> 200.3 | M27: =M28 -> 200.3
B28: Закупка товаров, работ и услуг для обеспечения государственных (муниципальных) нужд | C28: 12 | D28: 0 | E28: 04 | F28: S6140 | G28: 200 | K28: =K29 -> 200.3 | L28: =L29 -> 200.3 | M28: =M29 -> 200.3
B29: Иные закупки товаров, работ и услуг для обеспечения государственных (муниципальных) нужд | C29: 12 | D29: 0 | E29: 04 | F29: S6140 | G29: 240 | K29: =K30 -> 200.3 | L29: =L30 -> 200.3 | M29: =M30 -> 200.3
B30: Прочая закупка товаров, работ и услуг | C30: 12 | D30: 0 | E30: 04 | F30: S6140 | G30: 244 | K30: =K31 -> 200.3 | L30: =L31 -> 200.3 | M30: =M31 -> 200.3
B31: Жилищно-коммунальное хозяйство | C31: 12 | D31: 0 | E31: 04 | F31: S6140 | G31: 244 | H31: 05 | K31: =K32 -> 200.3 | L31: =L32 -> 200.3 | M31: =M32 -> 200.3
B32: Благоустройство | C32: 12 | D32: 0 | E32: 04 | F32: S6140 | G32: 244 | H32: 05 | I32: 03 | K32: =K33 -> 200.3 | L32: =L33 -> 200.3 | M32: =M33 -> 200.3
B33: Администрация Бабеевского сельского поселения | C33: 12 | D33: 0 | E33: 04 | F33: S6140 | G33: 244 | H33: 05 | I33: 03 | J33: 912 | K33: ='приложение 3'!J123 -> 200.3 | L33: ='приложение 3'!K123 -> 200.3 | M33: ='приложение 3'!L123 -> 200.3
B34: Муниципальная программа «Комплексное развитие сельских территорий Темниковского муниципального района Республики Мордовия на 2017 – 2025 годы» | C34: 22 | K34: =K35 -> 0 | L34: =L35 -> 0 | M34: =M35 -> 0
B35: Основное мероприятие: Благоустройство территории Бабеевского сельского поселения | C35: 22 | D35: 0 | E35: 01 | K35: =K36 -> 0 | L35: =L36 -> 0 | M35: =M36 -> 0
B36: Благоустройство сельских территорий | C36: 22 | D36: 0 | E36: 01 | F36: L5764 | K36: =K37 -> 0 | L36: =L37 -> 0 | M36: =M37 -> 0
B37: Закупка товаров, работ и услуг для обеспечения государственных (муниципальных) нужд | C37: 22 | D37: 0 | E37: 01 | F37: L5764 | G37: 200 | K37: =K38 -> 0 | L37: =L38 -> 0 | M37: =M38 -> 0
B38: Иные закупки товаров, работ и услуг для обеспечения государственных (муниципальных) нужд | C38: 22 | D38: 0 | E38: 01 | F38: L5764 | G38: 240 | K38: =K39 -> 0 | L38: =L39 -> 0 | M38: =M39 -> 0
B39: Прочая закупка товаров, работ и услуг | C39: 22 | D39: 0 | E39: 01 | F39: L5764 | G39: 244 | K39: =K40 -> 0 | L39: =L40 -> 0 | M39: =M40 -> 0
B40: Жилищно-коммунальное хозяйство | C40: 22 | D40: 0 | E40: 01 | F40: L5764 | G40: 244 | H40: 05 | K40: =K41 -> 0 | L40: =L41 -> 0 | M40: =M41 -> 0
B41: Благоустройство | C41: 22 | D41: 0 | E41: 01 | F41: L5764 | G41: 244 | H41: 05 | I41: 03 | K41: =K42 -> 0 | L41: =L42 -> 0 | M41: =M42 -> 0
B42: Администрация Бабеевского сельского поселения | C42: 22 | D42: 0 | E42: 01 | F42: L5764 | G42: 244 | H42: 05 | I42: 03 | J42: 912 | K42: ='приложение 3'!J142 -> 0 | L42: ='приложение 3'!K142 -> 0 | M42: ='приложение 3'!L142 -> 0
B43: Обеспечение деятельности Администрации сельского поселения | C43: 65 | D43: 1 | K43: =K44 -> 2888.6 | L43: =L44 -> 1495.7 | M43: =M44 -> 1273.3
B44: Глава, аппарат администрации | C44: 65 | D44: 1 | E44: 00 | K44: =K45+K57+K68+K78+K112+K147 -> 2888.6 | L44: =L45+L57+L112+L152+L68+L80+L93 -> 1495.7 | M44: =M45+M57+M112+M152+M68+M80+M93 -> 1273.3
B45: Расходы на выплаты по оплате труда высшего должностного лица | C45: 65 | D45: 1 | E45: 00 | F45: 41150 | K45: =K46 -> 434.2 | L45: =L46 -> 457.2 | M45: =M46 -> 240
B46: Расходы на выплаты персоналу в целях обеспечения выполнения функций государственными (муниципальными) органами, казенными учреждениями, органами управления государственными внебюджетными фондами | C46: 65 | D46: 1 | E46: 00 | F46: 41150 | G46: 100 | K46: =K47 -> 434.2 | L46: =L47 -> 457.2 | M46: =M47 -> 240
B47: Расходы на выплаты персоналу государственных (муниципальных) органов | C47: 65 | D47: 1 | E47: 00 | F47: 41150 | G47: 120 | K47: =K48+K52 -> 434.2 | L47: =L48+L52 -> 457.2 | M47: =M48+M52 -> 240
B48: Фонд оплаты труда государственных (муниципальных) органов | C48: 65 | D48: 1 | E48: 00 | F48: 41150 | G48: 121 | K48: =K49 -> 227 | L48: =L49 -> 250 | M48: =M49 -> 200
B49: Общегосударственные вопросы | C49: 65 | D49: 1 | E49: 00 | F49: 41150 | G49: 121 | H49: 01 | K49: =K50 -> 227 | L49: =L50 -> 250 | M49: =M50 -> 200
B50: Функционирование высшего должностного лица | C50: 65 | D50: 1 | E50: 00 | F50: 41150 | G50: 121 | H50: 01 | I50: 02 | K50: =K51 -> 227 | L50: =L51 -> 250 | M50: =M51 -> 200
B51: Администрация Бабеевского сельского поселения | C51: 65 | D51: 1 | E51: 00 | F51: 41150 | G51: 121 | H51: 01 | I51: 02 | J51: 912 | K51: ='приложение 3'!J18 -> 227 | L51: ='приложение 3'!K18 -> 250 | M51: ='приложение 3'!L18 -> 200
B52: Взносы по обязательному социальному страхованию на выплаты денежного содержания и иные выплаты работникам государственных(муниципальных) органов | C52: 65 | D52: 1 | E52: 00 | F52: 41150 | G52: 129 | K52: =K53 -> 207.2 | L52: =K53 -> 207.2 | M52: =M53 -> 40
B53: Общегосударственные вопросы | C53: 65 | D53: 1 | E53: 00 | F53: 41150 | G53: 129 | K53: 207.2 | L53: =L54 -> 40 | M53: =M54 -> 40
B54: Функционирование высшего должностного лица | C54: 65 | D54: 1 | E54: 00 | F54: 41150 | G54: 129 | H54: 01 | K54: 207.2 | L54: =L55 -> 40 | M54: =M55 -> 40
B55: Администрация Бабеевского сельского поселения | C55: 65 | D55: 1 | E55: 00 | F55: 41150 | G55: 129 | H55: 01 | I55: 02 | K55: 207.2 | L55: =L56 -> 40 | M55: =M56 -> 40
C56: 65 | D56: 1 | E56: 00 | F56: 41150 | G56: 129 | H56: 01 | I56: 02 | J56: 912 | K56: ='приложение 3'!J19 -> 68 | L56: ='приложение 3'!K19 -> 40 | M56: ='приложение 3'!L19 -> 40
B57: Субсидии выплачиваемые в зависимости от выполнения социально-экономических показателей | C57: 65 | D57: 1 | E57: 00 | F57: 44205 | K57: =K58 -> 188 | L57: =L58 -> 0 | M57: =M58 -> 0
B58: Расходы на выплаты персоналу в целях обеспечения выполнения функций государственными (муниципальными) органами, казенными учреждениями, органами управления государственными внебюджетными фондами | C58: 65 | D58: 1 | E58: 00 | F58: 44205 | G58: 100 | K58: =K59 -> 188 | L58: =L59 -> 0 | M58: =M59 -> 0
B59: Расходы на выплаты персоналу государственных (муниципальных) органов | C59: 65 | D59: 1 | E59: 00 | F59: 44205 | G59: 120 | K59: =K63+K67 -> 188 | L59: =L63+L67 -> 0 | M59: =M63+M67 -> 0
B60: Расходы на выплаты по оплате труда высшего должностного лица муниципального образования ( Главы) | C60: 65 | D60: 1 | E60: 00 | F60: 44205 | G60: 121 | K60: =K61 -> 150 | L60: =L61 -> 0 | M60: =M61 -> 0
B61: Общегосударственные вопросы | C61: 65 | D61: 1 | E61: 00 | F61: 44205 | G61: 121 | H61: 01 | K61: =K62 -> 150 | L61: =L62 -> 0 | M61: =M62 -> 0
B62: Функционирование высшего должностного лица | C62: 65 | D62: 1 | E62: 00 | F62: 44205 | G62: 121 | H62: 01 | I62: 02 | K62: =K63 -> 150 | L62: =L63 -> 0 | M62: =M63 -> 0
B63: Администрация Бабеевского сельского поселения | C63: 65 | D63: 1 | E63: 00 | F63: 44205 | G63: 121 | H63: 01 | I63: 02 | J63: 912 | K63: ='приложение 3'!J23 -> 150 | L63: ='приложение 3'!K23 -> 0 | M63: ='приложение 3'!L23 -> 0
B64: Взносы по обязательному социальному страхованию на выплаты денежного содержания и иные выплаты работникам государственных(муниципальных) органов | C64: 65 | D64: 1 | E64: 00 | F64: 44205 | G64: 129 | K64: =K65 -> 38 | L64: =L65 -> 0 | M64: =M65 -> 0
B65: Общегосударственные вопросы | C65: 65 | D65: 1 | E65: 00 | F65: 44205 | G65: 129 | H65: 01 | K65: =K66 -> 38 | L65: =L66 -> 0 | M65: =M66 -> 0
B66: Функционирование высшего должностного лица | C66: 65 | D66: 1 | E66: 00 | F66: 44205 | G66: 129 | H66: 01 | I66: 02 | K66: =K67 -> 38 | L66: =L67 -> 0 | M66: =M67 -> 0
B67: Администрация Бабеевского сельского поселения | C67: 65 | D67: 1 | E67: 00 | F67: 44205 | G67: 129 | H67: 01 | I67: 02 | J67: 912 | K67: ='приложение 3'!J24 -> 38 | L67: ='приложение 3'!K24 -> 0 | M67: ='приложение 3'!L24 -> 0
B68: Расходы на выплаты персоналу в целях обеспечения выполнения функций государственными (муниципальными) органами, казенными учреждениями, органами управления государственными внебюджетными фондами | C68: 65 | D68: 1 | E68: 00 | F68: 41110 | G68: 100 | K68: =K69 -> 1052.3 | L68: =L69 -> 861.5 | M68: =M69 -> 781
B69: Расходы на выплаты персоналу государственных (муниципальных) органов | C69: 65 | D69: 1 | E69: 00 | F69: 41110 | G69: 120 | K69: =K70+K76 -> 1052.3 | L69: =L70+L76 -> 861.5 | M69: =M70+M76 -> 781
B70: Фонд оплаты труда государственных (муниципальных) органов | C70: 65 | D70: 1 | E70: 00 | F70: 41110 | G70: 121 | K70: =K71 -> 872 | L70: =L71 -> 681.5 | M70: =M71 -> 642
B71: Общегосударственные вопросы | C71: 65 | D71: 1 | E71: 00 | F71: 41110 | G71: 121 | H71: 01 | K71: =K72 -> 872 | L71: =L72 -> 681.5 | M71: =M72 -> 642
B72: Функционирование Правительства Российской Федерации, высших исполнительных органов государственной власти субъектов Российской Федерации, местных администраций | C72: 65 | D72: 1 | E72: 00 | F72: 41110 | G72: 121 | H72: 01 | I72: 04 | K72: =K73 -> 872 | L72: =L73 -> 681.5 | M72: =M73 -> 642
B73: Администрация Бабеевского сельского поселения | C73: 65 | D73: 1 | E73: 00 | F73: 41110 | G73: 121 | H73: 01 | I73: 04 | J73: 912 | K73: ='приложение 3'!J32 -> 872 | L73: ='приложение 3'!K32 -> 681.5 | M73: ='приложение 3'!L32 -> 642
B74: Расходы на обеспечение функций органов местного самоуправления | C74: 65 | D74: 1 | E74: 00 | F74: 41120 | G74: 129 | K74: =K75 -> 180.3 | L74: =L75 -> 180 | M74: =M75 -> 139
B75: Общегосударственные вопросы | C75: 65 | D75: 1 | E75: 00 | F75: 41120 | G75: 129 | H75: 01 | K75: =K76 -> 180.3 | L75: =L76 -> 180 | M75: =M76 -> 139
B76: Функционирование Правительства Российской Федерации, высших исполнительных органов государственной власти субъектов Российской Федерации, местных администраций | C76: 65 | D76: 1 | E76: 00 | F76: 41120 | G76: 129 | H76: 01 | I76: 04 | K76: =K77 -> 180.3 | L76: =L77 -> 180 | M76: =M77 -> 139
B77: Администрация Бабеевского сельского поселения | C77: 65 | D77: 1 | E77: 00 | F77: 41120 | G77: 129 | H77: 01 | I77: 04 | J77: 912 | K77: ='приложение 3'!J33 -> 180.3 | L77: ='приложение 3'!K33 -> 180 | M77: ='приложение 3'!L33 -> 139
B78: Расходы на обеспечение функций органов местного самоуправления | C78: 65 | D78: 1 | E78: 00 | F78: 41120 | K78: =K79+K93 -> 401.1 | L78: =L79 -> 120 | M78: =M79 -> 231.2
B79: Закупка товаров, работ и услуг для обеспечения государственных (муниципальных) нужд | C79: 65 | D79: 1 | E79: 00 | F79: 41120 | G79: 200 | K79: =K80 -> 390 | L79: =L80 -> 120 | M79: =M80 -> 231.2
B80: Иные закупки товаров, работ и услуг для обеспечения государственных (муниципальных) нужд | C80: 65 | D80: 1 | E80: 00 | F80: 41120 | G80: 240 | K80: =K81+K88+K89 -> 390 | L80: =L81+L88+L89 -> 120 | M80: =M81+M88+M89 -> 231.2
B81: Прочая закупка товаров, работ и услуг | C81: 65 | D81: 1 | E81: 00 | F81: 41120 | G81: 244 | K81: =K82 -> 200 | L81: =L82 -> 20 | M81: =M82 -> 198.3
B82: Общегосударственные вопросы | C82: 65 | D82: 1 | E82: 00 | F82: 41120 | G82: 244 | H82: 01 | K82: =K83 -> 200 | L82: =L83 -> 20 | M82: =M83 -> 198.3
B83: Функционирование Правительства Российской Федерации, высших исполнительных органов государственной власти субъектов Российской Федерации, местных администраций | C83: 65 | D83: 1 | E83: 00 | F83: 41120 | G83: 244 | H83: 01 | I83: 04 | K83: =K84 -> 200 | L83: =L84 -> 20 | M83: =M84 -> 198.3
B84: Администрация Бабеевского сельского поселения | C84: 65 | D84: 1 | E84: 00 | F84: 41120 | G84: 244 | H84: 01 | I84: 04 | J84: 912 | K84: ='приложение 3'!J37 -> 200 | L84: ='приложение 3'!K37 -> 20 | M84: ='приложение 3'!L37 -> 198.3
B85: Закупка товаров, работ и услуг для обеспечения государственных (муниципальных) нужд в области геодезии и картографии вне рамок государственного оборонного заказа | C85: 65 | D85: 1 | E85: 00 | F85: 41120 | G85: 245 | K85: =K86 -> 10 | L85: =L86 -> 0 | M85: =M86 -> 0
B86: Общегосударственные вопросы | C86: 65 | D86: 1 | E86: 00 | F86: 41120 | G86: 245 | H86: 01 | K86: =K87 -> 10 | L86: =L87 -> 0 | M86: =M87 -> 0
B87: Функционирование Правительства Российской Федерации, высших исполнительных органов государственной власти субъектов Российской Федерации, местных администраций | C87: 65 | D87: 1 | E87: 00 | F87: 41120 | G87: 245 | H87: 01 | I87: 04 | K87: =K88 -> 10 | L87: =L88 -> 0 | M87: =M88 -> 0
B88: Администрация Бабеевского сельского поселения | C88: 65 | D88: 1 | E88: 00 | F88: 41120 | G88: 245 | H88: 01 | I88: 04 | J88: 912 | K88: ='приложение 3'!J38 -> 10 | L88: ='приложение 3'!K38 -> 0 | M88: ='приложение 3'!L38 -> 0
B89: Закупка энергетических ресурсов | C89: 65 | D89: 1 | E89: 00 | F89: 41120 | G89: 247 | K89: =K90 -> 180 | L89: =L90 -> 100 | M89: =M90 -> 32.9
B90: Общегосударственные вопросы | C90: 65 | D90: 1 | E90: 00 | F90: 41120 | G90: 247 | H90: 01 | K90: =K91 -> 180 | L90: =L91 -> 100 | M90: =M91 -> 32.9
B91: Функционирование Правительства Российской Федерации, высших исполнительных органов государственной власти субъектов Российской Федерации, местных администраций | C91: 65 | D91: 1 | E91: 00 | F91: 41120 | G91: 247 | H91: 01 | I91: 04 | K91: =K92 -> 180 | L91: =L92 -> 100 | M91: =M92 -> 32.9
B92: Администрация Бабеевского сельского поселения | C92: 65 | D92: 1 | E92: 00 | F92: 41120 | G92: 247 | H92: 01 | I92: 04 | J92: 912 | K92: ='приложение 3'!J39 -> 180 | L92: ='приложение 3'!K39 -> 100 | M92: ='приложение 3'!L39 -> 32.9
B93: Иные бюджетные ассигнования | C93: 65 | D93: 1 | E93: 00 | F93: 41120 | G93: 800 | K93: =K94+K99 -> 11.1 | L93: =L98+L103+L107+L111 -> 56 | M93: =M98+M103+M107+M111 -> 20.1
B94: Исполнение судебных актов | C94: 65 | D94: 1 | E94: 00 | F94: 41120 | G94: 830 | K94: =K95 -> 0 | L94: =L95 -> 2 | M94: =M95 -> 1
B95: Исполнение судебных актов Российской Федерации и мировых соглашений по возмещению причиненного вреда | C95: 65 | D95: 1 | E95: 00 | F95: 41120 | G95: 831 | K95: =K96 -> 0 | L95: =L96 -> 2 | M95: =M96 -> 1
B96: Общегосударственные вопросы | C96: 65 | D96: 1 | E96: 00 | F96: 41120 | G96: 831 | H96: 01 | K96: =K97 -> 0 | L96: =L97 -> 2 | M96: =M97 -> 1
B97: Функционирование Правительства Российской Федерации, высших исполнительных органов государственной власти субъектов Российской Федерации, местных администраций | C97: 65 | D97: 1 | E97: 00 | F97: 41120 | G97: 831 | H97: 01 | I97: 04 | K97: =K98 -> 0 | L97: =L98 -> 2 | M97: =M98 -> 1
B98: Администрация Бабеевского сельского поселения | C98: 65 | D98: 1 | E98: 00 | F98: 41120 | G98: 831 | H98: 01 | I98: 04 | J98: 912 | K98: ='приложение 3'!J42 -> 0 | L98: ='приложение 3'!K42 -> 2 | M98: ='приложение 3'!L42 -> 1
B99: Уплата налогов, сборов и иных платежей | C99: 65 | D99: 1 | E99: 00 | F99: 41120 | G99: 850 | K99: =K103+K107+K111 -> 11.1 | L99: =L103+L107+L111 -> 54 | M99: =M103+M107+M111 -> 19.1
B100: Уплата налога на имущество организация и земельного налога | C100: 65 | D100: 1 | E100: 00 | F100: 41120 | G100: 851 | K100: =K101 -> 4.4 | L100: =L101 -> 15 | M100: =M101 -> 9.1
B101: Общегосударственные вопросы | C101: 65 | D101: 1 | E101: 00 | F101: 41120 | G101: 851 | H101: 01 | K101: =K102 -> 4.4 | L101: =L102 -> 15 | M101: =M102 -> 9.1
B102: Функционирование Правительства Российской Федерации, высших исполнительных органов государственной власти субъектов Российской Федерации, местных администраций | C102: 65 | D102: 1 | E102: 00 | F102: 41120 | G102: 851 | H102: 01 | I102: 04 | K102: =K103 -> 4.4 | L102: =L103 -> 15 | M102: =M103 -> 9.1
B103: Администрация Бабеевского сельского поселения | C103: 65 | D103: 1 | E103: 00 | F103: 41120 | G103: 851 | H103: 01 | I103: 04 | J103: 912 | K103: ='приложение 3'!J44 -> 4.4 | L103: ='приложение 3'!K44 -> 15 | M103: ='приложение 3'!L44 -> 9.1
B104: Уплата прочих налогов и сборов | C104: 65 | D104: 1 | E104: 00 | F104: 41120 | G104: 852 | K104: =K105 -> 2.5 | L104: =L105 -> 10 | M104: =M105 -> 10
B105: Общегосударственные вопросы | C105: 65 | D105: 1 | E105: 00 | F105: 41120 | G105: 852 | H105: 01 | K105: =K106 -> 2.5 | L105: =L106 -> 10 | M105: =M106 -> 10
...

Sheet Приложение  5
B1: Приложение №5
B2: к решению Совета депутатов
B3: Бабеевского сельского поселения
B4: №114 от "28" декабря 2023 г.
A6: ИСТОЧНИКИ ВНУТРЕННЕГО ФИНАНСИРОВАНИЯ ДЕФИЦИТА БЮДЖЕТА БАБЕЕВСКОГО СЕЛЬСКОГО ПОСЕЛЕНИЯ ТЕМНИКОВСКОГО МУНИЦИПАЛЬНОГО РАЙОНА НА 2024 ГОД И ПЛАНОВЫЙ ПЕРИОД 2025 И 2026 ГОДОВ
E8: (тыс.рублей)
A9: Код | B9: Наименование кода группы, подгруппы, статьи, вида источника финансирования дефицитов бюджетов, кода классификации операций сектора государственного управления, относящихся к источникам финансирования дефицитов бюджетов Российской Федерации | C9: Сумма
C11: 2024 | D11: 2025 | E11: 2026
A12: 1 | B12: 2 | C12: 3
A13: 000 01 00 00 00 00 0000 000 | B13: ИСТОЧНИКИ ВНУТРЕННЕГО ФИНАНСИРОВАНИЯ ДЕФИЦИТОВ БЮДЖЕТОВ | C13: =C52 -> -192.7 | D13: =D52 -> -257 | E13: =E52 -> -321.2
A14: 000 01 02 00 00 00 0000 000 | B14: Кредиты кредитных организаций в валюте Российской Федерации | C14: =C15+C17 -> 0 | D14: =D15+D17 -> 0 | E14: =E15+E17 -> 0
A15: 000 01 02 00 00 00 0000 700 | B15: Получение кредитов от кредитных организаций в валюте Российской Федерации | C15: =C16 -> 0 | D15: =D16 -> 0 | E15: =E16 -> 0
A16: 000 01 02 00 00 05 0000 710 | B16: Получение кредитов от кредитных организаций бюджетами муниципальных районов в валюте Российской Федерации
A17: 000 01 02 00 00 00 0000 800 | B17: Погашение кредитов, предоставленных кредитными организациями в валюте Российской Федерации | C17: =C18 -> 0 | D17: =D18 -> 0 | E17: =E18 -> 0
A18: 000 01 02 00 00 05 0000 810 | B18: Погашение бюджетами муниципальных районов в валюте Российской Федерации
A19: 000 01 03 00 00 00 0000 000 | B19: Бюджетные кредиты от других бюджетов бюджетной системы Российской Федерации | C19: =C20 -> -192.7 | D19: =D20 -> -257 | E19: =E20 -> -321.2
A20: 000 01 03 01 00 00 0000 000 | B20: Бюджетные кредиты от других бюджетов бюджетной системы Российской Федерации в валюте Российской Федерации | C20: =C21+C24 -> -192.7 | D20: =D21+D24 -> -257 | E20: =E21+E24 -> -321.2
A21: 000 01 03 01 00 00 0000 700 | B21: Получение бюджетных кредитов от других бюджетов бюджетной системы Российской Федерации в валюте Российской Федерации | C21: =C22 -> 0 | D21: =D22 -> 0 | E21: =E22 -> 0
A22: 000 01 03 01 00 05 0000 710 | B22: Получение кредитов от других бюджетов бюджетной системы Российской Федерации бюджетами муниципальных районов в валюте Российской Федерации | C22: =C23 -> 0 | D22: =D23 -> 0 | E22: =E23 -> 0
A23: 000 01 03 01 00 05 0000 710 | B23: Получение кредитов от других бюджетов бюджетной системы Российской Федерации бюджетами муниципальных районов в валюте Российской Федерации на покрытие временного кассового разрыва, возникающего при исполнении бюджета муниципального района
A24: 000 01 03 01 00 00 0000 800 | B24: Погашение бюджетных кредитов, полученных от других бюджетов бюджетной системы Российской Федерации в валюте Российской Федерации | C24: =C25 -> -192.7 | D24: =D25 -> -257 | E24: =E25 -> -321.2
A25: 000 01 03 01 00 05 0000 810 | B25: Погашение бюджетами субъектов Российской Федерации кредитов от других бюджетов бюджетной системы Российской Федерации в валюте Российской Федерации | C25: =C26 -> -192.7 | D25: =D26 -> -257 | E25: =E26 -> -321.2
A26: 000 01 03 01 00 05 0000 810 | B26: Погашение бюджетами муниципальных районов кредитов от других бюджетов бюджетной системы Российской Федерации в валюте Российской Федерации, предоставленных на покрытие временного кассового разрыва, возникающего при исполнении бюджета муниципального района | C26: -192.7 | D26: -257 | E26: -321.2
A27: 000 01 05 00 00 00 0000 000 | B27: Изменение остатков средств на счетах по учету средств бюджетов | C27: =C28+C33 -> 0 | D27: =D28+D33 -> 0 | E27: =E28+E33 -> 0
A28: 000 01 05 00 00 00 0000 500 | B28: Увеличение остатков средств бюджетов | C28: =C29 -> -5583.6 | D28: =D29 -> -4436.4 | E28: =E29 -> -4457.3
A29: 000 01 05 02 00 00 0000 500 | B29: Увеличение прочих остатков средств бюджетов | C29: =C30 -> -5583.6 | D29: =D30 -> -4436.4 | E29: =E30 -> -4457.3
A30: 000 01 05 02 01 00 0000 510 | B30: Увеличение прочих остатков денежных средств бюджетов | C30: =C31 -> -5583.6 | D30: =D31 -> -4436.4 | E30: =E31 -> -4457.3
A31: 000 01 05 02 01 10 0000 510 | B31: Увеличение прочих остатков денежных средств бюджетов сельских поселений | C31: -5583.6 | D31: -4436.4 | E31: -4457.3
A33: 000 01 05 00 00 00 0000 600 | B33: Уменьшение остатков средств бюджетов | C33: =C34 -> 5583.6 | D33: =D34 -> 4436.4 | E33: =E34 -> 4457.3
A34: 000 01 05 02 00 00 0000 600 | B34: Уменьшение прочих остатков средств бюджетов | C34: =C35 -> 5583.6 | D34: =D35 -> 4436.4 | E34: =E35 -> 4457.3
A35: 000 01 05 02 01 00 0000 610 | B35: Уменьшение прочих остатков денежных средств бюджетов | C35: =C37 -> 5583.6 | D35: =D37 -> 4436.4 | E35: =E37 -> 4457.3
A37: 000 01 05 02 01 10 0000 610 | B37: Уменьшение прочих остатков денежных средств бюджетов сельских поселений | C37: =5390.9+192.7 -> 5583.6 | D37: =4179.4+257 -> 4436.4 | E37: 4457.3
A38: 000 01 06 00 00 00 0000 000 | B38: Иные источники внутреннего финансирования дефицитов бюджетов | C38: =C39+C42 -> 0 | D38: =D39+D42 -> 0 | E38: =E39+E42 -> 0
A39: 000 01 06 04 00 00 0000 000 | B39: Исполнение государственных и муниципальных гарантий | C39: =C40 -> 0 | D39: =D40 -> 0 | E39: =E40 -> 0
A40: 000 01 06 04 01 00 0000 000 | B40: Исполнение государственных и муниципальных гарантий в валюте Российской Федерации | C40: =C41 -> 0 | D40: =D41 -> 0 | E40: =E41 -> 0
A41: 000 01 06 04 01 05 0000 810 | B41: Исполнение муниципальных гарантий муниципальных районов в валюте Российской Федерации в случае, если исполнение гарантом муниципальных гарантий муниципальных районов ведет к возникновению права регрессного требования гаранта к принципиалу либо обусловлено уступкой гаранту прав требования бенефициара к принципалу | C41: 0 | D41: 0 | E41: 0
A42: 000 01 06 05 00 00 0000 000 | B42: Бюджетные кредиты, предоставленные внутри страны в валюте Российской Федерации | C42: =C43+C49 -> 0 | D42: =D43+D49 -> 0 | E42: =E43+E49 -> 0
A43: 000 01 06 05 00 00 0000 600 | B43: Возврат бюджетных кредитов, предоставленных внутри страны в валюте Российской Федерации | C43: =C44+C46 -> 0 | D43: =D44+D46 -> 0 | E43: =E44+E46 -> 0
A44: 000 01 06 05 01 00 0000 600 | B44: Возврат бюджетных кредитов, предоставленных юридическим лицам в валюте Российской Федерации | C44: =C45 -> 0 | D44: =D45 -> 0 | E44: =E45 -> 0
A45: 000 01 06 05 01 05 0000 640 | B45: Возврат бюджетных кредитов, предоставленных юридическим лицам из бюджетов муниципальных районов в валюте Российской Федерации | C45: 0 | D45: 0 | E45: 0
A46: 000 01 06 05 02 00 0000 640 | B46: Возврат бюджетных кредитов, предоставленных другим бюджетам бюджетной системы Российской Федерации в валюте Российской Федерации | C46: =C47 -> 0 | D46: =D47 -> 0 | E46: =E47 -> 0
A47: 000 01 06 05 02 05 0000 640 | B47: Возврат бюджетных кредитов, предоставленных другим бюджетам бюджетной системы Российской Федерации из бюджетов муниципальных районов в валюте Российской Федерации | C47: =C48 -> 0 | D47: =D48 -> 0 | E47: =E48 -> 0
A48: 000 01 06 05 02 05 0000 640 | B48: Возврат бюджетных кредитов, предоставленных другим бюджетам бюджетной системы Российской Федерации из бюджетов муниципальных районов в валюте Российской Федерации для покрытия временных кассовых разрывов | C48: 0 | D48: 0 | E48: 0
A49: 000 01 06 05 00 00 0000 500 | B49: Предоставление бюджетных кредитов внутри страны в валюте Российской Федерации | C49: =C50 -> 0 | D49: =D50 -> 0 | E49: =E50 -> 0
A50: 000 01 06 05 02 05 0000 540 | B50: Предоставление бюджетных кредитов другим бюджетам бюджетной системы Российской Федерации из бюджетов муниципальных районов в валюте Российской Федерации | C50: =C51 -> 0 | D50: =D51 -> 0 | E50: =E51 -> 0
A51: 000 01 06 05 02 05 0000 540 | B51: Предоставление бюджетных кредитов другим бюджетам бюджетной системы Российской Федерации из бюджетов муниципальных районов в валюте Российской Федерации для частичного покрытия дефицита местного бюджета
A52: 000 01 00 00 00 00 0000 000 | B52: Итого источников внутреннего финансирования дефицита районного бюджета | C52: =C19+C27+C38 -> -192.7 | D52: =D19+D27+D38 -> -257 | E52: =E19+E27+E38 -> -321.2
B53: Привлечение средств | C53: =C15+C21 -> 0 | D53: =D15+D21 -> 0 | E53: =E15+E21 -> 0 | F53: это предельный объем заимстований
B54: Погашение основной суммы задолженности | C54: =C18+C24 -> -192.7 | D54: =D18+D24 -> -257 | E54: =E18+E24 -> -321.2
C55: =C53+C54 -> -192.7 | D55: =D53+D54 -> -257 | E55: =E53+E54 -> -321.2

Sheet Приложение 6
B1: Приложение №6
B2: к решению Совета депутатов
B3: Бабеевского сельского поселения
B4: №114 от "28"декабря 2023 г.
A6: ПРОГРАММА МУНИЦИПАЛЬНЫХ ВНУТРЕННИХ ЗАИМСТВОВАНИЙ БАБЕЕВСКОЕ СЕЛЬСКОГО ПОСЕЛЕНИЯ ТЕМНИКОВСКОГО МУНИЦИПАЛЬНОГО РАЙОНА НА 2023 ГОД И ПЛАНОВЫЙ ПЕРИОД 2024 И 2025 ГОДОВ
C7: (тыс.рублей) | G7: (тыс. рублей)
A8: № п/п | B8: Виды заимствований | F8: Сумма
F9: 2024 | G9: 2025 | H9: 2026
A11: 1 | B11: Кредиты кредитных организаций в валюте Российской Федерации | F11: =F13+F14 -> 0 | G11: =G13+G14 -> 0 | H11: =H13+H14 -> 0
B12: в том числе:
B13: Объем привлечения | F13: ='[1]Приложение 5'!C53 -> 0 | G13: ='[1]Приложение 5'!D53 -> 0 | H13: ='[1]Приложение 5'!E53 -> 0
B14: Объем средств, направляемых на погашение основной суммы долга | F14: ='[1]Приложение 5'!C18 -> 0 | G14: ='[1]Приложение 5'!D18 -> 0 | H14: ='[1]Приложение 5'!E18 -> 0
A15: 2 | B15: Бюджетные кредиты от других бюджетов бюджетной системы Российской Федерации | F15: ='[1]Приложение 5'!C19 -> -128.5 | G15: ='[1]Приложение 5'!D19 -> -192.7 | H15: ='[1]Приложение 5'!E19 -> -257
B16: в том числе:
B17: Объем привлечения | F17: ='[1]Приложение 5'!C23 -> 0 | G17: ='[1]Приложение 5'!D23 -> 0 | H17: ='[1]Приложение 5'!E23 -> 0
B18: Объем средств, направляемых на погашение основной суммы долга | F18: ='[1]Приложение 5'!C24 -> -128.5 | G18: ='[1]Приложение 5'!D24 -> -192.7 | H18: ='[1]Приложение 5'!E24 -> -257
B19: Всего | F19: =F11+F15 -> -128.5 | G19: =G11+G15 -> -192.7 | H19: =H11+H15 -> -257
